Workbook
Name _DLX1.EMG: aud!$A$1:$N$10
Name _DLX2.EMG: usd!$A$8:$T$17
Name _DLX2.EMG: usd_sd!$A$8:$N$17
Name _DLX2.EMG: usd_T!$A$8:$N$17
Name _DLX2.EMG: cad!$A$8:$S$17
Name c_tickers: Eviews!$C$1:$AJ$1
Name data: OFFSET(Eviews!$B$1,0,0,all!$A$26+3,COUNTA(Eviews!$B$1:$AJ$1)+3)
Name haver_tickers: Eviews!$C$2:$AJ$2

Sheet charts

Sheet Eviews
C1: =all!C7 -> USD_PMI_0_0_0_0 | D1: =all!D7 -> USD_NOR_0_0_0_0 | E1: =all!E7 -> USD_INV_0_0_0_0 | F1: =all!F7 -> USD_PMN_0_0_0_0 | G1: =all!G7 -> USD_EMP_0_0_0_1 | H1: =all!H7 -> USD_EAR_0_0_1_1 | I1: =all!I7 -> USD_EXP_0_0_1_1 | J1: =all!J7 -> USD_RET_0_0_0_1 | ... T1: =all!T7 -> CAD_PMI_0_0_0_0 | X1: =all!X7 -> CAD_EMP_0_0_0_1 | Y1: =all!Y7 -> CAD_EAR_0_0_1_1 | Z1: =all!Z7 -> CAD_EXP_0_0_1_1 | AA1: =all!AA7 -> CAD_RET_0_0_0_1 | AB1: =all!AB7 -> CAD_IND_0_0_0_1 | AC1: =all!AC7 -> CAD_HOU_0_0_0_1 | AD1: =all!AD7 -> CAD_IOR_0_0_1_1 | AE1: =all!AE7 -> CAD_GOV_0_0_1_1 | ... AJ1: =all!AJ7 -> CAD_EPR_0_0_0_1
C2: =all!C8 -> S111VMC@INTSRVYS | D2: =all!D8 -> S111VMNI@INTSRVYS | E2: =all!E8 -> S111VMII@INTSRVYS | F2: =all!F8 -> S111VFC@INTSRVYS | G2: =all!G8 -> S111ELEN@G10 | H2: =all!H8 -> S111EH@G10 | I2: =all!I8 -> S111IX@G10 | J2: =all!J8 -> S111TRXC@G10 | ... T2: =all!T8 -> S156VMI@INTSRVYS | X2: =all!X8 -> S156ELE@G10 | Y2: =all!Y8 -> S156EH@G10 | Z2: =all!Z8 -> S156IX@G10 | AA2: =all!AA8 -> S156TRSC@G10 | AB2: =all!AB8 -> S156D@G10 | AC2: =all!AC8 -> S156HP@G10 | AD2: =all!AD8 -> S156TO@G10 | AE2: =all!AE8 -> H156FGE@G10 | ... AJ2: =all!AJ8 -> S156PFXI@G10
B3: 25569
B4: 25600
B5: 25628
B6: 25659
B7: 25689
B8: 25720
B9: 25750
B10: 25781
B11: 25812
B12: 25842
B13: 25873
B14: 25903
... B538: 41852

Sheet all
C1: =usd!C1 -> USD | D1: =usd!D1 -> USD | E1: =usd!E1 -> USD | F1: =usd!F1 -> USD | G1: =usd!G1 -> USD | H1: =usd!H1 -> USD | I1: =usd!I1 -> USD | J1: =usd!J1 -> USD | ... S1: =usd!S1 -> USD | T1: =cad!C1 -> CAD | U1: =cad!D1 -> CAD | V1: =cad!E1 -> CAD | W1: =cad!F1 -> CAD | X1: =cad!G1 -> CAD | Y1: =cad!H1 -> CAD | Z1: =cad!I1 -> CAD | AA1: =cad!J1 -> CAD | ... AJ1: =cad!S1 -> CAD
C2: =usd!C2 -> PMI | D2: =usd!D2 -> NOR | E2: =usd!E2 -> INV | F2: =usd!F2 -> PMN | G2: =usd!G2 -> EMP | H2: =usd!H2 -> EAR | I2: =usd!I2 -> EXP | J2: =usd!J2 -> RET | ... S2: =usd!S2 -> EPR | T2: =cad!C2 -> PMI | U2: =cad!D2 -> NOR | V2: =cad!E2 -> INV | W2: =cad!F2 -> PMN | X2: =cad!G2 -> EMP | Y2: =cad!H2 -> EAR | Z2: =cad!I2 -> EXP | AA2: =cad!J2 -> RET | ... AJ2: =cad!S2 -> EPR
A3: =usd_sd!A3 -> Frequency | C3: =usd!C3 -> 0 | D3: =usd!D3 -> 0 | E3: =usd!E3 -> 0 | F3: =usd!F3 -> 0 | G3: =usd!G3 -> 0 | H3: =usd!H3 -> 0 | I3: =usd!I3 -> 0 | J3: =usd!J3 -> 0 | ... S3: =usd!S3 -> 0 | T3: =cad!C3 -> 0 | U3: =cad!D3 -> 0 | V3: =cad!E3 -> 0 | W3: =cad!F3 -> 0 | X3: =cad!G3 -> 0 | Y3: =cad!H3 -> 0 | Z3: =cad!I3 -> 0 | AA3: =cad!J3 -> 0 | ... AJ3: =cad!S3 -> 0
A4: =usd_sd!A5 -> Real or nominal | C4: =usd!C5 -> 0 | D4: =usd!D5 -> 0 | E4: =usd!E5 -> 0 | F4: =usd!F5 -> 0 | G4: =usd!G5 -> 0 | H4: =usd!H5 -> 1 | I4: =usd!I5 -> 1 | J4: =usd!J5 -> 0 | ... S4: =usd!S5 -> 0 | T4: =cad!C4 -> 0 | U4: =cad!D4 -> 0 | V4: =cad!E4 -> 0 | W4: =cad!F4 -> 0 | X4: =cad!G4 -> 0 | Y4: =cad!H4 -> 0 | Z4: =cad!I4 -> 0 | AA4: =cad!J4 -> 0 | ... AJ4: =cad!S4 -> 0
A5: =usd_sd!A4 -> SA | C5: =usd!C4 -> 0 | D5: =usd!D4 -> 0 | E5: =usd!E4 -> 0 | F5: =usd!F4 -> 0 | G5: =usd!G4 -> 0 | H5: =usd!H4 -> 0 | I5: =usd!I4 -> 0 | J5: =usd!J4 -> 0 | ... S5: =usd!S4 -> 0 | T5: =cad!C5 -> 0 | U5: =cad!D5 -> 0 | V5: =cad!E5 -> 0 | W5: =cad!F5 -> 0 | X5: =cad!G5 -> 0 | Y5: =cad!H5 -> 1 | Z5: =cad!I5 -> 1 | AA5: =cad!J5 -> 0 | ... AJ5: =cad!S5 -> 0
A6: =usd_sd!A6 -> Transformation | C6: =usd!C6 -> 0 | D6: =usd!D6 -> 0 | E6: =usd!E6 -> 0 | F6: =usd!F6 -> 0 | G6: =usd!G6 -> 1 | H6: =usd!H6 -> 1 | I6: =usd!I6 -> 1 | J6: =usd!J6 -> 1 | ... S6: =usd!S6 -> 1 | T6: =cad!C6 -> 0 | U6: =cad!D6 -> 0 | V6: =cad!E6 -> 0 | W6: =cad!F6 -> 0 | X6: =cad!G6 -> 1 | Y6: =cad!H6 -> 1 | Z6: =cad!I6 -> 1 | AA6: =cad!J6 -> 1 | ... AJ6: =cad!S6 -> 1
A7: c_ticker | C7: =usd!C7 -> USD_PMI_0_0_0_0 | D7: =usd!D7 -> USD_NOR_0_0_0_0 | E7: =usd!E7 -> USD_INV_0_0_0_0 | F7: =usd!F7 -> USD_PMN_0_0_0_0 | G7: =usd!G7 -> USD_EMP_0_0_0_1 | H7: =usd!H7 -> USD_EAR_0_0_1_1 | I7: =usd!I7 -> USD_EXP_0_0_1_1 | J7: =usd!J7 -> USD_RET_0_0_0_1 | ... S7: =usd!S7 -> USD_EPR_0_0_0_1 | T7: =cad!C7 -> CAD_PMI_0_0_0_0 | U7: =cad!D7 -> 0 | V7: =cad!E7 -> 0 | W7: =cad!F7 -> 0 | X7: =cad!G7 -> CAD_EMP_0_0_0_1 | Y7: =cad!H7 -> CAD_EAR_0_0_1_1 | Z7: =cad!I7 -> CAD_EXP_0_0_1_1 | AA7: =cad!J7 -> CAD_RET_0_0_0_1 | ... AJ7: =cad!S7 -> CAD_EPR_0_0_0_1
A8: haver_ticker | C8: =usd!C8 -> S111VMC@INTSRVYS | D8: =usd!D8 -> S111VMNI@INTSRVYS | E8: =usd!E8 -> S111VMII@INTSRVYS | F8: =usd!F8 -> S111VFC@INTSRVYS | G8: =usd!G8 -> S111ELEN@G10 | H8: =usd!H8 -> S111EH@G10 | I8: =usd!I8 -> S111IX@G10 | J8: =usd!J8 -> S111TRXC@G10 | ... S8: =usd!S8 -> H111PFXI@G10 | T8: =cad!C8 -> S156VMI@INTSRVYS | U8: =cad!D8 -> 0 | V8: =cad!E8 -> 0 | W8: =cad!F8 -> 0 | X8: =cad!G8 -> S156ELE@G10 | Y8: =cad!H8 -> S156EH@G10 | Z8: =cad!I8 -> S156IX@G10 | AA8: =cad!J8 -> S156TRSC@G10 | ... AJ8: =cad!S8 -> S156PFXI@G10
A9: Database | C9: =RIGHT(C8,LEN(C8)-FIND("@",C8)) -> INTSRVYS | D9: =RIGHT(D8,LEN(D8)-FIND("@",D8)) -> INTSRVYS | E9: =RIGHT(E8,LEN(E8)-FIND("@",E8)) -> INTSRVYS | F9: =RIGHT(F8,LEN(F8)-FIND("@",F8)) -> INTSRVYS | G9: =RIGHT(G8,LEN(G8)-FIND("@",G8)) -> G10 | H9: =RIGHT(H8,LEN(H8)-FIND("@",H8)) -> G10 | I9: =RIGHT(I8,LEN(I8)-FIND("@",I8)) -> G10 | J9: =RIGHT(J8,LEN(J8)-FIND("@",J8)) -> G10 | ... AJ9: =RIGHT(AJ8,LEN(AJ8)-FIND("@",AJ8)) -> G10
A17: Country | B17: three digit currency code
A18: Category | B18: Generally, first three digits of indicator name. Hard coded on the sheet named "usd"
A19: Frequency | B19: 0 = monthly, 1 = quarterly, 2 = weekly
A20: SA | B20: 0 = sa, 1 = NSA
A21: Real or nominal | B21: 0 = real, 1 = nominal
A22: Transformation | B22: 0 = no transformation, 1 = yr-yr pct chg, 2 = period to period pct chg
A25: 25569
A26: =(YEAR(NOW())-YEAR(A25))*12+MONTH(NOW())-MONTH(A25) -> 535

Sheet aud
A1: 198001 !M | B1: .excel_last | C1: S193VMI@INTSRVYS | D1: S193VM6O@INTSRVYS | E1: S193VM6I@INTSRVYS | F1: S193PSI@INTSRVYS | G1: S193ELE@G10 | I1: h193IX@G10 | J1: S193TRSC@G10 | K1: S193D@G10 | L1: S193HP@G10 | M1: AUSVBF@ANZ | N1: AUNFGE@ANZ
A2: .DESC | C2: Australia: Performance of Mfg Index (SA, 50+=Expansion) | D2: Australia: Performance of Manufacuring Index: New orders (SA, 50+=Expansion) | E2: Australia: Performance of Manufacuring Index: Inventories (SA, 50+=Expansion) | F2: Australia: Performance of Services Index (SA, 50+=Expansion) | G2: Australia: Labor Force: Employment (SA, Thous) | I2: Australia: Exports of Goods, fob (SA, Mil.A$) | J2: Australia: Retail Sales (SA, Mil.Chn.Q3/07-Q2/08.A$) | K2: Australia: Industrial Production excl Construction (SA, Q3:11-Q2:12=100) | L2: Australia: Total Dwelling Units Approved (SA, Units) | M2: Australia: NAB Business Survey: Forward Orders (SA, %) | N2: Australia: Govt Fin: Total Expenses (NSA, Mil.A$)
A3: .T1 | C3: Sep-1992 | D3: Sep-1992 | E3: Sep-1992 | F3: Feb-2003 | G3: Feb-1978 | I3: Jan-1988 | J3: Q3-1983 [???] | K3: Q3-1974 [???] | L3: Jul-1983 | M3: Mar-1997 | N3: Aug-1973
A4: .TN | C4: Jul-2014 | D4: Jul-2014 | E4: Jul-2014 | F4: Jul-2014 | G4: Jul-2014 | I4: Jun-2014 | J4: Q2-2014 [???] | K4: Q1-2014 [???] | L4: Jun-2014 | M4: Jun-2014 | N4: May-2014
A5: .SOURCE | C5: AIG-PWC | D5: AIG-PWC | E5: AIG-PWC | F5: AIG-CWB | G5: ABS | I5: ABS/H | J5: ABS | K5: ABS/H | L5: ABS | M5: NAB | N5: RBA
A6: .LSOURCE | C6: Australian Industry Group-PricewaterhouseCoopers | D6: Australian Industry Group-PricewaterhouseCoopers | E6: Australian Industry Group-PricewaterhouseCoopers | F6: Australian Industry Group-Commonwealth Bank | G6: Australian Bureau of Statistics | I6: Australian Bureau of Statistics/Haver Analytics | J6: Australian Bureau of Statistics | K6: Australian Bureau of Statistics/Haver Analytics | L6: Australian Bureau of Statistics | M6: National Australia Bank | N6: Australian Office of Financial Management
A7: .AGG | C7: Average | D7: Average | E7: Average | F7: Average | G7: Average | I7: Sum | J7: Sum | K7: Average | L7: Sum | M7: Average | N7: Sum
A8: .DTLM | C8: Jul-31-2014 19:30 | D8: Jul-31-2014 19:30 | E8: Jul-31-2014 19:30 | F8: Aug-04-2014 19:30 | G8: Aug-06-2014 21:32 | I8: Aug-04-2014 21:35 | J8: Aug-03-2014 21:31 | K8: Jun-03-2014 21:32 | L8: Jul-30-2014 21:36 | M8: Jul-07-2014 21:38 | N8: Jun-27-2014 00:21
A9: .FRQ | C9: Monthly | D9: Monthly | E9: Monthly | F9: Monthly | G9: Monthly | I9: Monthly | J9: Quarterly | K9: Quarterly | L9: Monthly | M9: Monthly | N9: Monthly
A10: .DATA_TYPE | C10: INDEX | D10: INDEX | E10: INDEX | F10: INDEX | G10: Units | I10: LocCur | J10: LocCur | K10: INDEX | L10: Units | M10: % | N10: LocCur
A11: 198001 | B11: 29251 | C11: #N/A | D11: #N/A | E11: #N/A | F11: #N/A | G11: 6211.8 | I11: #N/A | L11: #N/A | M11: #N/A | N11: 2589
A12: 198002 | B12: 29280 | C12: #N/A | D12: #N/A | E12: #N/A | F12: #N/A | G12: 6226.1 | I12: #N/A | L12: #N/A | M12: #N/A | N12: 2678
A13: 198003 | B13: 29311 | C13: #N/A | D13: #N/A | E13: #N/A | F13: #N/A | G13: 6238.9 | I13: #N/A | L13: #N/A | M13: #N/A | N13: 2505
A14: 198004 | B14: 29341 | C14: #N/A | D14: #N/A | E14: #N/A | F14: #N/A | G14: 6251.2 | I14: #N/A | L14: #N/A | M14: #N/A | N14: 2648
A15: 198005 | B15: 29372 | C15: #N/A | D15: #N/A | E15: #N/A | F15: #N/A | G15: 6272.1 | I15: #N/A | L15: #N/A | M15: #N/A | N15: 2787
A16: 198006 | B16: 29402 | C16: #N/A | D16: #N/A | E16: #N/A | F16: #N/A | G16: 6279.9 | I16: #N/A | L16: #N/A | M16: #N/A | N16: 2613
A17: 198007 | B17: 29433 | C17: #N/A | D17: #N/A | E17: #N/A | F17: #N/A | G17: 6310.6 | I17: #N/A | L17: #N/A | M17: #N/A | N17: 3172
A18: 198008 | B18: 29464 | C18: #N/A | D18: #N/A | E18: #N/A | F18: #N/A | G18: 6321.9 | I18: #N/A | L18: #N/A | M18: #N/A | N18: 2968
A19: 198009 | B19: 29494 | C19: #N/A | D19: #N/A | E19: #N/A | F19: #N/A | G19: 6326.8 | I19: #N/A | L19: #N/A | M19: #N/A | N19: 2880
A20: 198010 | B20: 29525 | C20: #N/A | D20: #N/A | E20: #N/A | F20: #N/A | G20: 6311.4 | I20: #N/A | L20: #N/A | M20: #N/A | N20: 3113
A21: 198011 | B21: 29555 | C21: #N/A | D21: #N/A | E21: #N/A | F21: #N/A | G21: 6337 | I21: #N/A | L21: #N/A | M21: #N/A | N21: 2797
A22: 198012 | B22: 29586 | C22: #N/A | D22: #N/A | E22: #N/A | F22: #N/A | G22: 6357.2 | I22: #N/A | L22: #N/A | M22: #N/A | N22: 3296
... A52: 198306 | B52: 30497 | C52: #N/A | D52: #N/A | E52: #N/A | F52: #N/A | G52: 6275.2 | I52: #N/A | L52: #N/A | M52: #N/A | N52: 5115
A53: 198307 | B53: 30528 | C53: #N/A | D53: #N/A | E53: #N/A | F53: #N/A | G53: 6288.8 | I53: #N/A | L53: 10692 | M53: #N/A | N53: 4532
A54: 198308 | B54: 30559 | C54: #N/A | D54: #N/A | E54: #N/A | F54: #N/A | G54: 6287.6 | I54: #N/A | L54: 11522 | M54: #N/A | N54: 4386
A55: 198309 | B55: 30589 | C55: #N/A | D55: #N/A | E55: #N/A | F55: #N/A | G55: 6320.4 | I55: #N/A | L55: 12026 | M55: #N/A | N55: 4595
A56: 198310 | B56: 30620 | C56: #N/A | D56: #N/A | E56: #N/A | F56: #N/A | G56: 6322.3 | I56: #N/A | L56: 12554 | M56: #N/A | N56: 4645
A57: 198311 | B57: 30650 | C57: #N/A | D57: #N/A | E57: #N/A | F57: #N/A | G57: 6356.3 | I57: #N/A | L57: 11943 | M57: #N/A | N57: 4225
A58: 198312 | B58: 30681 | C58: #N/A | D58: #N/A | E58: #N/A | F58: #N/A | G58: 6385.2 | I58: #N/A | L58: 13074 | M58: #N/A | N58: 5024
A59: 198401 | B59: 30712 | C59: #N/A | D59: #N/A | E59: #N/A | F59: #N/A | G59: 6379.5 | I59: #N/A | L59: 12421 | M59: #N/A | N59: 4131
A60: 198402 | B60: 30741 | C60: #N/A | D60: #N/A | E60: #N/A | F60: #N/A | G60: 6397.1 | I60: #N/A | L60: 13265 | M60: #N/A | N60: 4812
A61: 198403 | B61: 30772 | C61: #N/A | D61: #N/A | E61: #N/A | F61: #N/A | G61: 6455.2 | I61: #N/A | L61: 13665 | M61: #N/A | N61: 4697
A62: 198404 | B62: 30802 | C62: #N/A | D62: #N/A | E62: #N/A | F62: #N/A | G62: 6463.7 | I62: #N/A | L62: 13538 | M62: #N/A | N62: 4974
A63: 198405 | B63: 30833 | C63: #N/A | D63: #N/A | E63: #N/A | F63: #N/A | G63: 6486.9 | I63: #N/A | L63: 14210 | M63: #N/A | N63: 4973
A64: 198406 | B64: 30863 | C64: #N/A | D64: #N/A | E64: #N/A | F64: #N/A | G64: 6505 | I64: #N/A | L64: 13131 | M64: #N/A | N64: 5576
... A106: 198712 | B106: 32142 | C106: #N/A | D106: #N/A | E106: #N/A | F106: #N/A | G106: 7237.3 | I106: #N/A | L106: 12509 | M106: #N/A | N106: 7148
A107: 198801 | B107: 32173 | C107: #N/A | D107: #N/A | E107: #N/A | F107: #N/A | G107: 7303.2 | I107: 3802 | L107: 13491 | M107: #N/A | N107: 5927
A108: 198802 | B108: 32202 | C108: #N/A | D108: #N/A | E108: #N/A | F108: #N/A | G108: 7286.2 | I108: 3974 | L108: 13322 | M108: #N/A | N108: 6793
A109: 198803 | B109: 32233 | C109: #N/A | D109: #N/A | E109: #N/A | F109: #N/A | G109: 7358.7 | I109: 3590 | L109: 13121 | M109: #N/A | N109: 7254
A110: 198804 | B110: 32263 | C110: #N/A | D110: #N/A | E110: #N/A | F110: #N/A | G110: 7362.5 | I110: 3411 | L110: 14134 | M110: #N/A | N110: 5560
A111: 198805 | B111: 32294 | C111: #N/A | D111: #N/A | E111: #N/A | F111: #N/A | G111: 7347.4 | I111: 3443 | L111: 14203 | M111: #N/A | N111: 6530
A112: 198806 | B112: 32324 | C112: #N/A | D112: #N/A | E112: #N/A | F112: #N/A | G112: 7376.5 | I112: 3168 | L112: 15188 | M112: #N/A | N112: 6393
A113: 198807 | B113: 32355 | C113: #N/A | D113: #N/A | E113: #N/A | F113: #N/A | G113: 7377 | I113: 3405 | L113: 15523 | M113: #N/A | N113: 7020
A114: 198808 | B114: 32386 | C114: #N/A | D114: #N/A | E114: #N/A | F114: #N/A | G114: 7417.2 | I114: 3418 | L114: 16886 | M114: #N/A | N114: 7209
A115: 198809 | B115: 32416 | C115: #N/A | D115: #N/A | E115: #N/A | F115: #N/A | G115: 7459 | I115: 3519 | L115: 16310 | M115: #N/A | N115: 6413
A116: 198810 | B116: 32447 | C116: #N/A | D116: #N/A | E116: #N/A | F116: #N/A | G116: 7472.8 | I116: 3516 | L116: 15892 | M116: #N/A | N116: 6600
A117: 198811 | B117: 32477 | C117: #N/A | D117: #N/A | E117: #N/A | F117: #N/A | G117: 7493.6 | I117: 3549 | L117: 15918 | M117: #N/A | N117: 6254
A118: 198812 | B118: 32508 | C118: #N/A | D118: #N/A | E118: #N/A | F118: #N/A | G118: 7522.1 | I118: 3633 | L118: 15669 | M118: #N/A | N118: 6699
... A162: 199208 | B162: 33847 | C162: #N/A | D162: #N/A | E162: #N/A | F162: #N/A | G162: 7669.7 | I162: 4773 | L162: 13743 | M162: #N/A | N162: 8325
A163: 199209 | B163: 33877 | C163: 50.44 | D163: 51.42 | E163: 47.14 | F163: #N/A | G163: 7637 | I163: 5300 | L163: 13563 | M163: #N/A | N163: 9100
A164: 199210 | B164: 33908 | C164: #N/A | D164: #N/A | E164: #N/A | F164: #N/A | G164: 7645.3 | I164: 4999 | L164: 14045 | M164: #N/A | N164: 8381
A165: 199211 | B165: 33938 | C165: #N/A | D165: #N/A | E165: #N/A | F165: #N/A | G165: 7586.2 | I165: 5132 | L165: 14481 | M165: #N/A | N165: 8257
A166: 199212 | B166: 33969 | C166: 47.59 | D166: 50.22 | E166: 47.37 | F166: #N/A | G166: 7606.1 | I166: 5212 | L166: 15143 | M166: #N/A | N166: 9851
A167: 199301 | B167: 34000 | C167: #N/A | D167: #N/A | E167: #N/A | F167: #N/A | G167: 7652.7 | I167: 5221 | L167: 15396 | M167: #N/A | N167: 9690
A168: 199302 | B168: 34028 | C168: #N/A | D168: #N/A | E168: #N/A | F168: #N/A | G168: 7583.7 | I168: 5162 | L168: 14176 | M168: #N/A | N168: 8514
A169: 199303 | B169: 34059 | C169: 52.15 | D169: 52.69 | E169: 48.09 | F169: #N/A | G169: 7631.8 | I169: 4793 | L169: 14968 | M169: #N/A | N169: 9476
A170: 199304 | B170: 34089 | C170: #N/A | D170: #N/A | E170: #N/A | F170: #N/A | G170: 7618.1 | I170: 5002 | L170: 14997 | M170: #N/A | N170: 8571
A171: 199305 | B171: 34120 | C171: #N/A | D171: #N/A | E171: #N/A | F171: #N/A | G171: 7613.8 | I171: 5130 | L171: 14359 | M171: #N/A | N171: 8123
A172: 199306 | B172: 34150 | C172: 55.36 | D172: 58.12 | E172: 49.46 | F172: #N/A | G172: 7624.9 | I172: 5212 | L172: 14483 | M172: #N/A | N172: 10033
A173: 199307 | B173: 34181 | C173: #N/A | D173: #N/A | E173: #N/A | F173: #N/A | G173: 7634 | I173: 5356 | L173: 15700 | M173: #N/A | N173: 11176
A174: 199308 | B174: 34212 | C174: #N/A | D174: #N/A | E174: #N/A | F174: #N/A | G174: 7648.8 | I174: 5295 | L174: 14878 | M174: #N/A | N174: 9201
A175: 199309 | B175: 34242 | C175: 57.69 | D175: 60 | E175: 51.6 | F175: #N/A | G175: 7673.5 | I175: 5496 | L175: 15203 | M175: #N/A | N175: 9886
A176: 199310 | B176: 34273 | C176: #N/A | D176: #N/A | E176: #N/A | F176: #N/A | G176: 7720.6 | I176: 5486 | L176: 15278 | M176: #N/A | N176: 8598
A177: 199311 | B177: 34303 | C177: #N/A | D177: #N/A | E177: #N/A | F177: #N/A | G177: 7745.1 | I177: 5322 | L177: 15338 | M177: #N/A | N177: 8086
A178: 199312 | B178: 34334 | C178: 59.47 | D178: 63.89 | E178: 51.69 | F178: #N/A | G178: 7752.5 | I178: 5250 | L178: 15392 | M178: #N/A | N178: 10607
A179: 199401 | B179: 34365 | C179: #N/A | D179: #N/A | E179: #N/A | F179: #N/A | G179: 7764.6 | I179: 5236 | L179: 16354 | M179: #N/A | N179: 9140
A180: 199402 | B180: 34393 | C180: #N/A | D180: #N/A | E180: #N/A | F180: #N/A | G180: 7792.8 | I180: 5289 | L180: 15376 | M180: #N/A | N180: 8880
A181: 199403 | B181: 34424 | C181: 61.77 | D181: 64.6 | E181: 51.66 | F181: #N/A | G181: 7807.5 | I181: 5389 | L181: 15350 | M181: #N/A | N181: 11077
A182: 199404 | B182: 34454 | C182: #N/A | D182: #N/A | E182: #N/A | F182: #N/A | G182: 7815.6 | I182: 5435 | L182: 15892 | M182: #N/A | N182: 7913
A183: 199405 | B183: 34485 | C183: #N/A | D183: #N/A | E183: #N/A | F183: #N/A | G183: 7856.5 | I183: 5588 | L183: 17635 | M183: #N/A | N183: 11066
A184: 199406 | B184: 34515 | C184: 61.99 | D184: 63.92 | E184: 52.04 | F184: #N/A | G184: 7874.9 | I184: 5399 | L184: 16463 | M184: #N/A | N184: 8526
A185: 199407 | B185: 34546 | C185: #N/A | D185: #N/A | E185: #N/A | F185: #N/A | G185: 7951.8 | I185: 5349 | L185: 15556 | M185: #N/A | N185: 10654
A186: 199408 | B186: 34577 | C186: #N/A | D186: #N/A | E186: #N/A | F186: #N/A | G186: 7928.2 | I186: 5370 | L186: 17755 | M186: #N/A | N186: 10944
A187: 199409 | B187: 34607 | C187: 61.49 | D187: 62.34 | E187: 51.07 | F187: #N/A | G187: 7977.3 | I187: 5343 | L187: 17276 | M187: #N/A | N187: 10099
A188: 199410 | B188: 34638 | C188: #N/A | D188: #N/A | E188: #N/A | F188: #N/A | G188: 7982.3 | I188: 5462 | L188: 15850 | M188: #N/A | N188: 9717
A189: 199411 | B189: 34668 | C189: #N/A | D189: #N/A | E189: #N/A | F189: #N/A | G189: 8001.4 | I189: 5592 | L189: 14705 | M189: #N/A | N189: 9674
A190: 199412 | B190: 34699 | C190: 59.81 | D190: 63.78 | E190: 52.25 | F190: #N/A | G190: 8040 | I190: 5271 | L190: 14402 | M190: #N/A | N190: 10173
A191: 199501 | B191: 34730 | C191: #N/A | D191: #N/A | E191: #N/A | F191: #N/A | G191: 8045.1 | I191: 5485 | L191: 13638 | M191: #N/A | N191: 10451
A192: 199502 | B192: 34758 | C192: #N/A | D192: #N/A | E192: #N/A | F192: #N/A | G192: 8103.1 | I192: 5625 | L192: 13266 | M192: #N/A | N192: 9083
A193: 199503 | B193: 34789 | C193: 54.3 | D193: 51.32 | E193: 52.59 | F193: #N/A | G193: 8102.6 | I193: 5927 | L193: 12657 | M193: #N/A | N193: 10833
A194: 199504 | B194: 34819 | C194: #N/A | D194: #N/A | E194: #N/A | F194: #N/A | G194: 8163.2 | I194: 5875 | L194: 11872 | M194: #N/A | N194: 8943
A195: 199505 | B195: 34850 | C195: #N/A | D195: #N/A | E195: #N/A | F195: #N/A | G195: 8170 | I195: 5873 | L195: 12323 | M195: #N/A | N195: 12131
A196: 199506 | B196: 34880 | C196: 50.72 | D196: 48.54 | E196: 54.1 | F196: #N/A | G196: 8202.1 | I196: 5887 | L196: 11643 | M196: #N/A | N196: 9360
A197: 199507 | B197: 34911 | C197: #N/A | D197: #N/A | E197: #N/A | F197: #N/A | G197: 8210.4 | I197: 6217 | L197: 11405 | M197: #N/A | N197: 10753
A198: 199508 | B198: 34942 | C198: #N/A | D198: #N/A | E198: #N/A | F198: #N/A | G198: 8239.9 | I198: 6144 | L198: 10770 | M198: #N/A | N198: 10571
A199: 199509 | B199: 34972 | C199: 48.44 | D199: 47.52 | E199: 49.13 | F199: #N/A | G199: 8219.7 | I199: 6273 | L199: 11052 | M199: #N/A | N199: 9652
A200: 199510 | B200: 35003 | C200: #N/A | D200: #N/A | E200: #N/A | F200: #N/A | G200: 8221.6 | I200: 5920 | L200: 10050 | M200: #N/A | N200: 10352
A201: 199511 | B201: 35033 | C201: #N/A | D201: #N/A | E201: #N/A | F201: #N/A | G201: 8296.3 | I201: 5845 | L201: 10133 | M201: #N/A | N201: 10616
A202: 199512 | B202: 35064 | C202: 43.88 | D202: 43 | E202: 49.48 | F202: #N/A | G202: 8291.6 | I202: 6470 | L202: 10239 | M202: #N/A | N202: 8870
A203: 199601 | B203: 35095 | C203: #N/A | D203: #N/A | E203: #N/A | F203: #N/A | G203: 8281.7 | I203: 6644 | L203: 9540 | M203: #N/A | N203: 11780
A204: 199602 | B204: 35124 | C204: #N/A | D204: #N/A | E204: #N/A | F204: #N/A | G204: 8297.9 | I204: 6599 | L204: 10413 | M204: #N/A | N204: 10455
A205: 199603 | B205: 35155 | C205: 45.19 | D205: 43.23 | E205: 47.68 | F205: #N/A | G205: 8269.8 | I205: 6659 | L205: 10252 | M205: #N/A | N205: 10910
A206: 199604 | B206: 35185 | C206: #N/A | D206: #N/A | E206: #N/A | F206: #N/A | G206: 8298.7 | I206: 6509 | L206: 10260 | M206: #N/A | N206: 10930
A207: 199605 | B207: 35216 | C207: #N/A | D207: #N/A | E207: #N/A | F207: #N/A | G207: 8307.5 | I207: 6421 | L207: 10821 | M207: #N/A | N207: 11783
A208: 199606 | B208: 35246 | C208: 46.34 | D208: 45.43 | E208: 48.08 | F208: #N/A | G208: 8306.7 | I208: 6399 | L208: 10233 | M208: #N/A | N208: 10032
A209: 199607 | B209: 35277 | C209: #N/A | D209: #N/A | E209: #N/A | F209: #N/A | G209: 8310.2 | I209: 6277 | L209: 10976 | M209: #N/A | N209: 12476
A210: 199608 | B210: 35308 | C210: #N/A | D210: #N/A | E210: #N/A | F210: #N/A | G210: 8345.1 | I210: 6367 | L210: 11020 | M210: #N/A | N210: 10911
A211: 199609 | B211: 35338 | C211: 47.27 | D211: 44.55 | E211: 50.17 | F211: #N/A | G211: 8290.6 | I211: 6239 | L211: 10103 | M211: #N/A | N211: 7187
A212: 199610 | B212: 35369 | C212: #N/A | D212: #N/A | E212: #N/A | F212: #N/A | G212: 8309.9 | I212: 6302 | L212: 11412 | M212: #N/A | N212: 12116
A213: 199611 | B213: 35399 | C213: #N/A | D213: #N/A | E213: #N/A | F213: #N/A | G213: 8308.2 | I213: 6213 | L213: 11030 | M213: #N/A | N213: 10855
...

Sheet cad
A1: Country | C1: CAD | D1: =C1 -> CAD | E1: =D1 -> CAD | F1: =E1 -> CAD | G1: =F1 -> CAD | H1: =G1 -> CAD | I1: =H1 -> CAD | J1: =I1 -> CAD | K1: =J1 -> CAD | ... S1: =R1 -> CAD
A2: Category | C2: =usd!C2 -> PMI | D2: =usd!D2 -> NOR | E2: =usd!E2 -> INV | F2: =usd!F2 -> PMN | G2: =usd!G2 -> EMP | H2: =usd!H2 -> EAR | I2: =usd!I2 -> EXP | J2: =usd!J2 -> RET | ... S2: =usd!S2 -> EPR
A3: Frequency | C3: 0 | G3: 0 | H3: 0 | I3: 0 | J3: 0 | K3: 0 | L3: 0 | M3: 0 | N3: 0 | O3: 0 | P3: 0 | Q3: 0 | R3: 0 | S3: 0
A4: SA | C4: 0 | G4: 0 | H4: 0 | I4: 0 | J4: 0 | K4: 0 | L4: 0 | M4: 0 | N4: 0 | O4: 0 | P4: 0 | Q4: 0 | R4: 1 | S4: 0
A5: Real or nominal | C5: 0 | G5: 0 | H5: 1 | I5: 1 | J5: 0 | K5: 0 | L5: 0 | M5: 1 | N5: 1 | O5: 0 | P5: 0 | Q5: 0 | R5: 0 | S5: 0
A6: Transformation | C6: 0 | G6: 1 | H6: 1 | I6: 1 | J6: 1 | K6: 1 | L6: 1 | M6: 1 | N6: 1 | O6: 0 | P6: 1 | Q6: 1 | R6: 1 | S6: 1
A7: Ticker | C7: =C1&"_"&C2&"_"&C3&"_"&C4&"_"&C5&"_"&C6 -> CAD_PMI_0_0_0_0 | G7: =G1&"_"&G2&"_"&G3&"_"&G4&"_"&G5&"_"&G6 -> CAD_EMP_0_0_0_1 | H7: =H1&"_"&H2&"_"&H3&"_"&H4&"_"&H5&"_"&H6 -> CAD_EAR_0_0_1_1 | I7: =I1&"_"&I2&"_"&I3&"_"&I4&"_"&I5&"_"&I6 -> CAD_EXP_0_0_1_1 | J7: =J1&"_"&J2&"_"&J3&"_"&J4&"_"&J5&"_"&J6 -> CAD_RET_0_0_0_1 | K7: =K1&"_"&K2&"_"&K3&"_"&K4&"_"&K5&"_"&K6 -> CAD_IND_0_0_0_1 | L7: =L1&"_"&L2&"_"&L3&"_"&L4&"_"&L5&"_"&L6 -> CAD_HOU_0_0_0_1 | M7: =M1&"_"&M2&"_"&M3&"_"&M4&"_"&M5&"_"&M6 -> CAD_IOR_0_0_1_1 | N7: =N1&"_"&N2&"_"&N3&"_"&N4&"_"&N5&"_"&N6 -> CAD_GOV_0_0_1_1 | ... S7: =S1&"_"&S2&"_"&S3&"_"&S4&"_"&S5&"_"&S6 -> CAD_EPR_0_0_0_1
A8: 197001 !M | B8: .excel_last | C8: S156VMI@INTSRVYS | G8: S156ELE@G10 | H8: S156EH@G10 | I8: S156IX@G10 | J8: S156TRSC@G10 | K8: S156D@G10 | L8: S156HP@G10 | M8: S156TO@G10 | N8: H156FGE@G10 | O8: N156VRM@G10 | P8: S156PC@G10 | Q8: S156PCXG@G10 | R8: V7P09115@CANADA | S8: S156PFXI@G10
A9: .DESC | C9: Canada: Ivey Purchasing Managers Index (SA, 50+ = Econ Expand) | G9: Canada: Employment: 15 Years and Over (SA, Thous) | H9: Canada: Avg Hourly Earnings inc Overtime: Hrly Workers: Total Economy (SA, C$) | I9: Canada: Exports of Goods, BOP Basis (SA, Mil.C$) | J9: Canada: Real Retail Sales (SA, Mil.2007.C$) | K9: Canada: Industrial Production: Manufacturing, Mining & Utilities (SA, 2007=100) | L9: Canada: Building Permits Authorized (SA, Thous Units) | M9: Canada: New Orders: All Manufacturing Industries (SA, Thous.C$) | N9: Canada: Federal Government Expenditures (SA, Mil.C$) | O9: Canada: ECRI Recession/Expansion: Recession Shading (+1 or -1) | P9: Canada: Consumer Price Index (SA, 2002=100) | Q9: Canada: CPI: All Items Less Food and Energy (SA, 2002=100) | R9: Canada: IPPI: Total IPPI, excl Energy/Petroleum Prods(NSA, 2010=100) | S9: Canada: Export [Customs] Laspeyres Price Index: All Merchandise (SA, 2007=100)
A10: .T1 | C10: Feb-2009 | G10: Jan-1966 | H10: Jan-1991 | I10: Jan-1988 | J10: Jan-1997 | K10: Jan-1981 | L10: Jan-1960 | M10: Jan-1992 | N10: Apr-1985 | O10: May-1953 | P10: Jan-1992 | Q10: Jan-1992 | R10: Jan-1981 | S10: Jan-1997
A11: .TN | C11: Jul-2014 | G11: Jul-2014 | H11: May-2014 | I11: Jun-2014 | J11: May-2014 | K11: May-2014 | L11: Jun-2014 | M11: May-2014 | N11: May-2014 | O11: Jul-2014 | P11: Jun-2014 | Q11: Jun-2014 | R11: Jun-2014 | S11: Jun-2014
A12: .SOURCE | C12: IveyUWO | G12: StatCan | H12: StatCan | I12: StatCan | J12: StatCan | K12: StaCan/H | L12: StatCan | M12: StatCan | N12: DoFC/H | O12: ECRI/H | P12: StatCan | Q12: StatCan | R12: StatCan | S12: StatCan
A13: .LSOURCE | C13: Richard Ivey School of Business/Univ W Ontario | G13: Statistics Canada | H13: Statistics Canada | I13: Statistics Canada | J13: Statistics Canada | K13: Statistics Canada/Haver Analytics | L13: Statistics Canada | M13: Statistics Canada | N13: Department of Finance Canada/Haver Analytics | O13: Economic Cycle Research Institute/Haver Analytics | P13: Statistics Canada | Q13: Statistics Canada | R13: Statistics Canada | S13: Statistics Canada
A14: .AGG | C14: End of Period | G14: Average | H14: Average | I14: Sum | J14: Sum | K14: Average | L14: Sum | M14: Sum | N14: Sum | O14: Not Allowed | P14: Average | Q14: Average | R14: Average | S14: Average
A15: .DTLM | C15: Aug-07-2014 10:03 | G15: Aug-08-2014 09:11 | H15: Jul-31-2014 09:03 | I15: Aug-06-2014 08:32 | J15: Jul-23-2014 08:47 | K15: Jul-31-2014 09:08 | L15: Aug-07-2014 08:44 | M15: Jul-16-2014 08:40 | N15: Jul-25-2014 11:56 | O15: Aug-01-2014 06:00 | P15: Jul-18-2014 08:34 | Q15: Jul-18-2014 08:34 | R15: Jul-30-2014 08:30 | S15: Aug-06-2014 08:39
A16: .FRQ | C16: Monthly | G16: Monthly | H16: Monthly | I16: Monthly | J16: Monthly | K16: Monthly | L16: Monthly | M16: Monthly | N16: Monthly | O16: Monthly | P16: Monthly | Q16: Monthly | R16: Monthly | S16: Monthly
A17: .DATA_TYPE | C17: INDEX | G17: Units | H17: LocCur | I17: LocCur | J17: LocCur | K17: INDEX | L17: Units | M17: LocCur | N17: LocCur | O17: Units | P17: INDEX | Q17: INDEX | R17: INDEX | S17: INDEX
A18: 197001 | B18: 25599 | C18: #N/A | G18: 7860 | H18: #N/A | I18: #N/A | J18: #N/A | K18: #N/A | L18: 13.2 | M18: #N/A | N18: #N/A | O18: -1 | P18: #N/A | Q18: #N/A | R18: #N/A | S18: #N/A
A19: 197002 | B19: 25627 | C19: #N/A | G19: 7864 | H19: #N/A | I19: #N/A | J19: #N/A | K19: #N/A | L19: 11.9 | M19: #N/A | N19: #N/A | O19: -1 | P19: #N/A | Q19: #N/A | R19: #N/A | S19: #N/A
A20: 197003 | B20: 25658 | C20: #N/A | G20: 7858 | H20: #N/A | I20: #N/A | J20: #N/A | K20: #N/A | L20: 10.9 | M20: #N/A | N20: #N/A | O20: -1 | P20: #N/A | Q20: #N/A | R20: #N/A | S20: #N/A
A21: 197004 | B21: 25688 | C21: #N/A | G21: 7890 | H21: #N/A | I21: #N/A | J21: #N/A | K21: #N/A | L21: 12.1 | M21: #N/A | N21: #N/A | O21: -1 | P21: #N/A | Q21: #N/A | R21: #N/A | S21: #N/A
A22: 197005 | B22: 25719 | C22: #N/A | G22: 7927 | H22: #N/A | I22: #N/A | J22: #N/A | K22: #N/A | L22: 13.2 | M22: #N/A | N22: #N/A | O22: -1 | P22: #N/A | Q22: #N/A | R22: #N/A | S22: #N/A
A23: 197006 | B23: 25749 | C23: #N/A | G23: 7931 | H23: #N/A | I23: #N/A | J23: #N/A | K23: #N/A | L23: 12.8 | M23: #N/A | N23: #N/A | O23: -1 | P23: #N/A | Q23: #N/A | R23: #N/A | S23: #N/A
A24: 197007 | B24: 25780 | C24: #N/A | G24: 7911 | H24: #N/A | I24: #N/A | J24: #N/A | K24: #N/A | L24: 10.9 | M24: #N/A | N24: #N/A | O24: -1 | P24: #N/A | Q24: #N/A | R24: #N/A | S24: #N/A
A25: 197008 | B25: 25811 | C25: #N/A | G25: 7921 | H25: #N/A | I25: #N/A | J25: #N/A | K25: #N/A | L25: 15.5 | M25: #N/A | N25: #N/A | O25: -1 | P25: #N/A | Q25: #N/A | R25: #N/A | S25: #N/A
A26: 197009 | B26: 25841 | C26: #N/A | G26: 7966 | H26: #N/A | I26: #N/A | J26: #N/A | K26: #N/A | L26: 19.4 | M26: #N/A | N26: #N/A | O26: -1 | P26: #N/A | Q26: #N/A | R26: #N/A | S26: #N/A
A27: 197010 | B27: 25872 | C27: #N/A | G27: 7976 | H27: #N/A | I27: #N/A | J27: #N/A | K27: #N/A | L27: 19.9 | M27: #N/A | N27: #N/A | O27: -1 | P27: #N/A | Q27: #N/A | R27: #N/A | S27: #N/A
A28: 197011 | B28: 25902 | C28: #N/A | G28: 7996 | H28: #N/A | I28: #N/A | J28: #N/A | K28: #N/A | L28: 20 | M28: #N/A | N28: #N/A | O28: -1 | P28: #N/A | Q28: #N/A | R28: #N/A | S28: #N/A
A29: 197012 | B29: 25933 | C29: #N/A | G29: 7944 | H29: #N/A | I29: #N/A | J29: #N/A | K29: #N/A | L29: 19 | M29: #N/A | N29: #N/A | O29: -1 | P29: #N/A | Q29: #N/A | R29: #N/A | S29: #N/A
... A149: 198012 | B149: 29586 | C149: #N/A | G149: 11140 | H149: #N/A | I149: #N/A | J149: #N/A | K149: #N/A | L149: 13.5 | M149: #N/A | N149: #N/A | O149: -1 | P149: #N/A | Q149: #N/A | R149: #N/A | S149: #N/A
A150: 198101 | B150: 29617 | C150: #N/A | G150: 11206.5 | H150: #N/A | I150: #N/A | J150: #N/A | K150: 56.02 | L150: 15.9 | M150: #N/A | N150: #N/A | O150: -1 | P150: #N/A | Q150: #N/A | R150: 54.4 | S150: #N/A
A151: 198102 | B151: 29645 | C151: #N/A | G151: 11283.3 | H151: #N/A | I151: #N/A | J151: #N/A | K151: 56.26 | L151: 17.2 | M151: #N/A | N151: #N/A | O151: -1 | P151: #N/A | Q151: #N/A | R151: 54.6 | S151: #N/A
A152: 198103 | B152: 29676 | C152: #N/A | G152: 11278.7 | H152: #N/A | I152: #N/A | J152: #N/A | K152: 56.26 | L152: 18.2 | M152: #N/A | N152: #N/A | O152: -1 | P152: #N/A | Q152: #N/A | R152: 54.7 | S152: #N/A
A153: 198104 | B153: 29706 | C153: #N/A | G153: 11315.8 | H153: #N/A | I153: #N/A | J153: #N/A | K153: 57.33 | L153: 17.8 | M153: #N/A | N153: #N/A | O153: 1 | P153: #N/A | Q153: #N/A | R153: 55.2 | S153: #N/A
A154: 198105 | B154: 29737 | C154: #N/A | G154: 11345.8 | H154: #N/A | I154: #N/A | J154: #N/A | K154: 56.33 | L154: 17.2 | M154: #N/A | N154: #N/A | O154: 1 | P154: #N/A | Q154: #N/A | R154: 55.6 | S154: #N/A
A155: 198106 | B155: 29767 | C155: #N/A | G155: 11375.6 | H155: #N/A | I155: #N/A | J155: #N/A | K155: 56.6 | L155: 16.4 | M155: #N/A | N155: #N/A | O155: 1 | P155: #N/A | Q155: #N/A | R155: 56 | S155: #N/A
A156: 198107 | B156: 29798 | C156: #N/A | G156: 11336.4 | H156: #N/A | I156: #N/A | J156: #N/A | K156: 56.83 | L156: 16.3 | M156: #N/A | N156: #N/A | O156: 1 | P156: #N/A | Q156: #N/A | R156: 56.2 | S156: #N/A
A157: 198108 | B157: 29829 | C157: #N/A | G157: 11353.8 | H157: #N/A | I157: #N/A | J157: #N/A | K157: 54.53 | L157: 12.4 | M157: #N/A | N157: #N/A | O157: 1 | P157: #N/A | Q157: #N/A | R157: 56.6 | S157: #N/A
A158: 198109 | B158: 29859 | C158: #N/A | G158: 11328.7 | H158: #N/A | I158: #N/A | J158: #N/A | K158: 55.9 | L158: 12.1 | M158: #N/A | N158: #N/A | O158: 1 | P158: #N/A | Q158: #N/A | R158: 56.6 | S158: #N/A
A159: 198110 | B159: 29890 | C159: #N/A | G159: 11300.1 | H159: #N/A | I159: #N/A | J159: #N/A | K159: 54.93 | L159: 11.9 | M159: #N/A | N159: #N/A | O159: 1 | P159: #N/A | Q159: #N/A | R159: 57.1 | S159: #N/A
A160: 198111 | B160: 29920 | C160: #N/A | G160: 11291.5 | H160: #N/A | I160: #N/A | J160: #N/A | K160: 53.93 | L160: 14.9 | M160: #N/A | N160: #N/A | O160: 1 | P160: #N/A | Q160: #N/A | R160: 57 | S160: #N/A
A161: 198112 | B161: 29951 | C161: #N/A | G161: 11236 | H161: #N/A | I161: #N/A | J161: #N/A | K161: 54.31 | L161: 22.4 | M161: #N/A | N161: #N/A | O161: 1 | P161: #N/A | Q161: #N/A | R161: 57.2 | S161: #N/A
... A200: 198503 | B200: 31137 | C200: #N/A | G200: 11531.4 | H200: #N/A | I200: #N/A | J200: #N/A | K200: 63.96 | L200: 12.5 | M200: #N/A | N200: #N/A | O200: -1 | P200: #N/A | Q200: #N/A | R200: 65.2 | S200: #N/A
A201: 198504 | B201: 31167 | C201: #N/A | G201: 11571.5 | H201: #N/A | I201: #N/A | J201: #N/A | K201: 63.54 | L201: 13.2 | M201: #N/A | N201: 8050 | O201: -1 | P201: #N/A | Q201: #N/A | R201: 65.2 | S201: #N/A
A202: 198505 | B202: 31198 | C202: #N/A | G202: 11613.7 | H202: #N/A | I202: #N/A | J202: #N/A | K202: 64.12 | L202: 14.2 | M202: #N/A | N202: 9107 | O202: -1 | P202: #N/A | Q202: #N/A | R202: 65.2 | S202: #N/A
A203: 198506 | B203: 31228 | C203: #N/A | G203: 11627 | H203: #N/A | I203: #N/A | J203: #N/A | K203: 64.01 | L203: 15.1 | M203: #N/A | N203: 9966 | O203: -1 | P203: #N/A | Q203: #N/A | R203: 65.3 | S203: #N/A
A204: 198507 | B204: 31259 | C204: #N/A | G204: 11681.1 | H204: #N/A | I204: #N/A | J204: #N/A | K204: 64.1 | L204: 15.1 | M204: #N/A | N204: 9154 | O204: -1 | P204: #N/A | Q204: #N/A | R204: 65.3 | S204: #N/A
A205: 198508 | B205: 31290 | C205: #N/A | G205: 11712.1 | H205: #N/A | I205: #N/A | J205: #N/A | K205: 64.26 | L205: 16.5 | M205: #N/A | N205: 9025 | O205: -1 | P205: #N/A | Q205: #N/A | R205: 65.2 | S205: #N/A
A206: 198509 | B206: 31320 | C206: #N/A | G206: 11723.3 | H206: #N/A | I206: #N/A | J206: #N/A | K206: 64.52 | L206: 17.5 | M206: #N/A | N206: 9482 | O206: -1 | P206: #N/A | Q206: #N/A | R206: 65.3 | S206: #N/A
A207: 198510 | B207: 31351 | C207: #N/A | G207: 11754 | H207: #N/A | I207: #N/A | J207: #N/A | K207: 65 | L207: 16.3 | M207: #N/A | N207: 9160 | O207: -1 | P207: #N/A | Q207: #N/A | R207: 65.6 | S207: #N/A
A208: 198511 | B208: 31381 | C208: #N/A | G208: 11819 | H208: #N/A | I208: #N/A | J208: #N/A | K208: 65.1 | L208: 16.3 | M208: #N/A | N208: 9895 | O208: -1 | P208: #N/A | Q208: #N/A | R208: 65.7 | S208: #N/A
A209: 198512 | B209: 31412 | C209: #N/A | G209: 11860.5 | H209: #N/A | I209: #N/A | J209: #N/A | K209: 65.07 | L209: 13.8 | M209: #N/A | N209: 9377 | O209: -1 | P209: #N/A | Q209: #N/A | R209: 65.9 | S209: #N/A
A210: 198601 | B210: 31443 | C210: #N/A | G210: 11903.5 | H210: #N/A | I210: #N/A | J210: #N/A | K210: 65.41 | L210: 16.2 | M210: #N/A | N210: 9300 | O210: -1 | P210: #N/A | Q210: #N/A | R210: 66.7 | S210: #N/A
A211: 198602 | B211: 31471 | C211: #N/A | G211: 11917.9 | H211: #N/A | I211: #N/A | J211: #N/A | K211: 65.03 | L211: 19.1 | M211: #N/A | N211: 9083 | O211: -1 | P211: #N/A | Q211: #N/A | R211: 66.7 | S211: #N/A
A212: 198603 | B212: 31502 | C212: #N/A | G212: 11926.3 | H212: #N/A | I212: #N/A | J212: #N/A | K212: 64 | L212: 16.1 | M212: #N/A | N212: 9440 | O212: -1 | P212: #N/A | Q212: #N/A | R212: 66.8 | S212: #N/A
... A233: 198712 | B233: 32142 | C233: #N/A | G233: 12583.3 | H233: #N/A | I233: #N/A | J233: #N/A | K233: 69.22 | L233: 17.8 | M233: #N/A | N233: 10411 | O233: -1 | P233: #N/A | Q233: #N/A | R233: 71.5 | S233: #N/A
A234: 198801 | B234: 32173 | C234: #N/A | G234: 12601.9 | H234: #N/A | I234: 11427.3 | J234: #N/A | K234: 70.27 | L234: 19.5 | M234: #N/A | N234: 10218 | O234: -1 | P234: #N/A | Q234: #N/A | R234: 72.4 | S234: #N/A
A235: 198802 | B235: 32202 | C235: #N/A | G235: 12642.6 | H235: #N/A | I235: 11797.8 | J235: #N/A | K235: 70.52 | L235: 18.9 | M235: #N/A | N235: 10733 | O235: -1 | P235: #N/A | Q235: #N/A | R235: 72.2 | S235: #N/A
A236: 198803 | B236: 32233 | C236: #N/A | G236: 12662.6 | H236: #N/A | I236: 11912.8 | J236: #N/A | K236: 71.01 | L236: 19.5 | M236: #N/A | N236: 11799 | O236: -1 | P236: #N/A | Q236: #N/A | R236: 72.4 | S236: #N/A
A237: 198804 | B237: 32263 | C237: #N/A | G237: 12676 | H237: #N/A | I237: 11830.9 | J237: #N/A | K237: 70.8 | L237: 19.5 | M237: #N/A | N237: 10048 | O237: -1 | P237: #N/A | Q237: #N/A | R237: 72.8 | S237: #N/A
A238: 198805 | B238: 32294 | C238: #N/A | G238: 12679.7 | H238: #N/A | I238: 11752.4 | J238: #N/A | K238: 71.37 | L238: 20 | M238: #N/A | N238: 11405 | O238: -1 | P238: #N/A | Q238: #N/A | R238: 73.1 | S238: #N/A
A239: 198806 | B239: 32324 | C239: #N/A | G239: 12698.1 | H239: #N/A | I239: 12335.3 | J239: #N/A | K239: 71.05 | L239: 21.2 | M239: #N/A | N239: 10271 | O239: -1 | P239: #N/A | Q239: #N/A | R239: 73.3 | S239: #N/A
A240: 198807 | B240: 32355 | C240: #N/A | G240: 12711.8 | H240: #N/A | I240: 11609.4 | J240: #N/A | K240: 70.45 | L240: 19.8 | M240: #N/A | N240: 10619 | O240: -1 | P240: #N/A | Q240: #N/A | R240: 73.8 | S240: #N/A
A241: 198808 | B241: 32386 | C241: #N/A | G241: 12720 | H241: #N/A | I241: 12054.2 | J241: #N/A | K241: 70.71 | L241: 19.9 | M241: #N/A | N241: 10600 | O241: -1 | P241: #N/A | Q241: #N/A | R241: 74 | S241: #N/A
A242: 198809 | B242: 32416 | C242: #N/A | G242: 12732.8 | H242: #N/A | I242: 11972.8 | J242: #N/A | K242: 71.16 | L242: 19.9 | M242: #N/A | N242: 10985 | O242: -1 | P242: #N/A | Q242: #N/A | R242: 74.1 | S242: #N/A
A243: 198810 | B243: 32447 | C243: #N/A | G243: 12765 | H243: #N/A | I243: 11940.5 | J243: #N/A | K243: 70.57 | L243: 17.6 | M243: #N/A | N243: 11348 | O243: -1 | P243: #N/A | Q243: #N/A | R243: 74.3 | S243: #N/A
A244: 198811 | B244: 32477 | C244: #N/A | G244: 12795.8 | H244: #N/A | I244: 12345.6 | J244: #N/A | K244: 70.18 | L244: 18.3 | M244: #N/A | N244: 10613 | O244: -1 | P244: #N/A | Q244: #N/A | R244: 74.9 | S244: #N/A
A245: 198812 | B245: 32508 | C245: #N/A | G245: 12849.4 | H245: #N/A | I245: 12274.3 | J245: #N/A | K245: 71.14 | L245: 20.1 | M245: #N/A | N245: 11132 | O245: -1 | P245: #N/A | Q245: #N/A | R245: 74.9 | S245: #N/A
... A281: 199112 | B281: 33603 | C281: #N/A | G281: 12810.2 | H281: #N/A | I281: 12467.7 | J281: #N/A | K281: 65.57 | L281: 13.5 | M281: #N/A | N281: 13185 | O281: 1 | P281: #N/A | Q281: #N/A | R281: 73.3 | S281: #N/A
A282: 199201 | B282: 33634 | C282: #N/A | G282: 12790.2 | H282: #N/A | I282: 12517 | J282: #N/A | K282: 66.26 | L282: 13.8 | M282: 22442286 | N282: 13100 | O282: 1 | P282: 83.1 | Q282: 84.2 | R282: 73.2 | S282: #N/A
A283: 199202 | B283: 33663 | C283: #N/A | G283: 12771.3 | H283: #N/A | I283: 12982.3 | J283: #N/A | K283: 66.41 | L283: 15.8 | M283: 22685078 | N283: 12549 | O283: 1 | P283: 83.2 | Q283: 84.4 | R283: 74.1 | S283: #N/A
A284: 199203 | B284: 33694 | C284: #N/A | G284: 12744.9 | H284: #N/A | I284: 13022.6 | J284: #N/A | K284: 66.28 | L284: 15.1 | M284: 22770409 | N284: 12709 | O284: 1 | P284: 83.6 | Q284: 84.8 | R284: 74.4 | S284: #N/A
A285: 199204 | B285: 33724 | C285: #N/A | G285: 12730.9 | H285: #N/A | I285: 13307.7 | J285: #N/A | K285: 66.88 | L285: 13.1 | M285: 23106193 | N285: 12622 | O285: -1 | P285: 83.7 | Q285: 84.9 | R285: 74.1 | S285: #N/A
A286: 199205 | B286: 33755 | C286: #N/A | G286: 12736.6 | H286: #N/A | I286: 13530.6 | J286: #N/A | K286: 66.87 | L286: 14.2 | M286: 23178031 | N286: 13152 | O286: -1 | P286: 83.9 | Q286: 85.2 | R286: 74.6 | S286: #N/A
A287: 199206 | B287: 33785 | C287: #N/A | G287: 12717.3 | H287: #N/A | I287: 13159.7 | J287: #N/A | K287: 66.77 | L287: 13.7 | M287: 23493250 | N287: 13456 | O287: -1 | P287: 84.1 | Q287: 85.3 | R287: 74.6 | S287: #N/A
A288: 199207 | B288: 33816 | C288: #N/A | G288: 12732.5 | H288: #N/A | I288: 13669.1 | J288: #N/A | K288: 66.16 | L288: 13.7 | M288: 23333308 | N288: 12825 | O288: -1 | P288: 84.1 | Q288: 85.3 | R288: 74.6 | S288: #N/A
A289: 199208 | B289: 33847 | C289: #N/A | G289: 12693.7 | H289: #N/A | I289: 13561.8 | J289: #N/A | K289: 66.87 | L289: 13.2 | M289: 24010231 | N289: 13149 | O289: -1 | P289: 84.2 | Q289: 85.4 | R289: 74.8 | S289: #N/A
A290: 199209 | B290: 33877 | C290: #N/A | G290: 12700.1 | H290: #N/A | I290: 13884.6 | J290: #N/A | K290: 67.06 | L290: 14.3 | M290: 23775018 | N290: 13528 | O290: -1 | P290: 84.3 | Q290: 85.3 | R290: 75.2 | S290: #N/A
A291: 199210 | B291: 33908 | C291: #N/A | G291: 12713 | H291: #N/A | I291: 14467.1 | J291: #N/A | K291: 67.89 | L291: 14.5 | M291: 24003044 | N291: 12982 | O291: -1 | P291: 84.4 | Q291: 85.5 | R291: 75.7 | S291: #N/A
A292: 199211 | B292: 33938 | C292: #N/A | G292: 12704.8 | H292: #N/A | I292: 14303 | J292: #N/A | K292: 68.25 | L292: 13.6 | M292: 23915199 | N292: 13532 | O292: -1 | P292: 84.5 | Q292: 85.5 | R292: 76 | S292: #N/A
A293: 199212 | B293: 33969 | C293: #N/A | G293: 12721.9 | H293: #N/A | I293: 14619.8 | J293: #N/A | K293: 68.35 | L293: 14.1 | M293: 24174254 | N293: 13298 | O293: -1 | P293: 84.7 | Q293: 85.7 | R293: 76.4 | S293: #N/A
... A341: 199612 | B341: 35430 | C341: #N/A | G341: 13465.7 | H341: #N/A | I341: 23560.8 | J341: #N/A | K341: 79.36 | L341: 13 | M341: 34318516 | N341: 11870 | O341: -1 | P341: 89.9 | Q341: 90.9 | R341: 88.7 | S341: #N/A
A342: 199701 | B342: 35461 | C342: #N/A | G342: 13535.9 | H342: #N/A | I342: 24928.5 | J342: 22340.5 | K342: 82.01 | L342: 12.9 | M342: 36282669 | N342: 12160 | O342: -1 | P342: 90 | Q342: 91 | R342: 88.4 | S342: 87.9
A343: 199702 | B343: 35489 | C343: #N/A | G343: 13538.1 | H343: #N/A | I343: 24695.9 | J343: 22619.1 | K343: 82.92 | L343: 13.4 | M343: 35242254 | N343: 12380 | O343: -1 | P343: 90.1 | Q343: 91 | R343: 88.7 | S343: 87.2
A344: 199703 | B344: 35520 | C344: #N/A | G344: 13569.8 | H344: #N/A | I344: 24535.9 | J344: 22532.6 | K344: 82.43 | L344: 12.2 | M344: 35481900 | N344: 11447 | O344: -1 | P344: 90.2 | Q344: 91.2 | R344: 89.1 | S344: 86
A345: 199704 | B345: 35550 | C345: #N/A | G345: 13571.2 | H345: #N/A | I345: 24791.8 | J345: 22675.8 | K345: 83.58 | L345: 13.7 | M345: 36033571 | N345: 12671 | O345: -1 | P345: 90.2 | Q345: 91.4 | R345: 90 | S345: 86.6
A346: 199705 | B346: 35581 | C346: #N/A | G346: 13637.2 | H346: #N/A | I346: 24888.8 | J346: 22904.8 | K346: 83.73 | L346: 13.1 | M346: 37186404 | N346: 11592 | O346: -1 | P346: 90.2 | Q346: 91.4 | R346: 89.9 | S346: 86
A347: 199706 | B347: 35611 | C347: #N/A | G347: 13690 | H347: #N/A | I347: 24621.2 | J347: 22967.5 | K347: 83.04 | L347: 12.4 | M347: 35022384 | N347: 11981 | O347: -1 | P347: 90.3 | Q347: 91.8 | R347: 89.6 | S347: 86.1
A348: 199707 | B348: 35642 | C348: #N/A | G348: 13731.5 | H348: #N/A | I348: 25470.7 | J348: 23254.5 | K348: 85.13 | L348: 14 | M348: 37906900 | N348: 11643 | O348: -1 | P348: 90.4 | Q348: 91.5 | R348: 89.4 | S348: 85.6
A349: 199708 | B349: 35673 | C349: #N/A | G349: 13798.9 | H349: #N/A | I349: 25100.8 | J349: 23110.4 | K349: 84.97 | L349: 12.2 | M349: 35915927 | N349: 12060 | O349: -1 | P349: 90.6 | Q349: 91.6 | R349: 89.9 | S349: 85.9
A350: 199709 | B350: 35703 | C350: #N/A | G350: 13815.9 | H350: #N/A | I350: 25515.6 | J350: 23172 | K350: 84.86 | L350: 14.7 | M350: 36909557 | N350: 11956 | O350: -1 | P350: 90.6 | Q350: 91.7 | R350: 89.7 | S350: 86.1
A351: 199710 | B351: 35734 | C351: #N/A | G351: 13833.1 | H351: #N/A | I351: 25145.6 | J351: 23598.5 | K351: 85.89 | L351: 12.9 | M351: 37065238 | N351: 11878 | O351: -1 | P351: 90.6 | Q351: 91.8 | R351: 89.6 | S351: 86
A352: 199711 | B352: 35764 | C352: #N/A | G352: 13859.5 | H352: #N/A | I352: 26119.7 | J352: 23592 | K352: 86.04 | L352: 12.3 | M352: 38042276 | N352: 11641 | O352: -1 | P352: 90.5 | Q352: 91.7 | R352: 90.1 | S352: 86.6
A353: 199712 | B353: 35795 | C353: #N/A | G353: 13874.9 | H353: #N/A | I353: 26726.9 | J353: 24439 | K353: 86.36 | L353: 11.9 | M353: 35681018 | N353: 11744 | O353: -1 | P353: 90.6 | Q353: 91.7 | R353: 90 | S353: 86.1
... A389: 200012 | B389: 36891 | C389: #N/A | G389: 14920 | H389: #N/A | I389: 38118.2 | J389: 26438.2 | K389: 101.98 | L389: 12.9 | M389: 47743308 | N389: 12979 | O389: -1 | P389: 97 | Q389: 96.4 | R389: 94.4 | S389: 97.4
A390: 200101 | B390: 36922 | C390: #N/A | G390: 14888.3 | H390: 16.2 | I390: 38967.4 | J390: 26763.8 | K390: 99.23 | L390: 12.6 | M390: 45460204 | N390: 14317 | O390: -1 | P390: 96.8 | Q390: 96.5 | R390: 94.3 | S390: 97.7
A391: 200102 | B391: 36950 | C391: #N/A | G391: 14890.1 | H391: 16.1 | I391: 35953.9 | J391: 26479.9 | K391: 98.87 | L391: 14.4 | M391: 47505376 | N391: 13327 | O391: -1 | P391: 96.9 | Q391: 96.7 | R391: 94.9 | S391: 96.8
A392: 200103 | B392: 36981 | C392: #N/A | G392: 14904.2 | H392: 16.2 | I392: 36814.1 | J392: 26648.6 | K392: 98.01 | L392: 12.6 | M392: 45234926 | N392: 13180 | O392: -1 | P392: 97.1 | Q392: 96.7 | R392: 95.7 | S392: 98.6
A393: 200104 | B393: 37011 | C393: #N/A | G393: 14922.8 | H393: 16.2 | I393: 36608.2 | J393: 26819.4 | K393: 98.24 | L393: 12.2 | M393: 46203711 | N393: 13326 | O393: -1 | P393: 97.8 | Q393: 97 | R393: 95.9 | S393: 96.3
A394: 200105 | B394: 37042 | C394: #N/A | G394: 14950.3 | H394: 16.3 | I394: 36171.9 | J394: 26876.9 | K394: 98.28 | L394: 15 | M394: 47868006 | N394: 13118 | O394: -1 | P394: 98.4 | Q394: 97.1 | R394: 96.2 | S394: 96
...

Sheet usd
A1: Country | C1: USD | D1: =C1 -> USD | E1: =D1 -> USD | F1: =E1 -> USD | G1: =F1 -> USD | H1: =G1 -> USD | I1: =H1 -> USD | J1: =I1 -> USD | K1: =J1 -> USD | ... N1: =M1 -> USD | O1: USD | P1: USD | Q1: USD | R1: USD | S1: USD
A2: Category | C2: PMI | D2: NOR | E2: INV | F2: PMN | G2: EMP | H2: EAR | I2: EXP | J2: RET | K2: IND | L2: HOU | M2: IOR | N2: GOV | O2: REC | P2: CPI | Q2: CPX | R2: PPI | S2: EPR
A3: Frequency | C3: 0 | D3: 0 | E3: 0 | F3: 0 | G3: 0 | H3: 0 | I3: 0 | J3: 0 | K3: 0 | L3: 0 | M3: 0 | N3: 0 | O3: 0 | P3: 0 | Q3: 0 | R3: 0 | S3: 0
A4: SA | C4: 0 | D4: 0 | E4: 0 | F4: 0 | G4: 0 | H4: 0 | I4: 0 | J4: 0 | K4: 0 | L4: 0 | M4: 0 | N4: 0 | O4: 0 | P4: 0 | Q4: 0 | R4: 0 | S4: 0
A5: Real or nominal | C5: 0 | D5: 0 | E5: 0 | F5: 0 | G5: 0 | H5: 1 | I5: 1 | J5: 0 | K5: 0 | L5: 0 | M5: 1 | N5: 1 | O5: 0 | P5: 0 | Q5: 0 | R5: 0 | S5: 0
A6: Transformation | C6: 0 | D6: 0 | E6: 0 | F6: 0 | G6: 1 | H6: 1 | I6: 1 | J6: 1 | K6: 1 | L6: 1 | M6: 1 | N6: 1 | O6: 0 | P6: 1 | Q6: 1 | R6: 1 | S6: 1
A7: Ticker | C7: =C1&"_"&C2&"_"&C3&"_"&C4&"_"&C5&"_"&C6 -> USD_PMI_0_0_0_0 | D7: =D1&"_"&D2&"_"&D3&"_"&D4&"_"&D5&"_"&D6 -> USD_NOR_0_0_0_0 | E7: =E1&"_"&E2&"_"&E3&"_"&E4&"_"&E5&"_"&E6 -> USD_INV_0_0_0_0 | F7: =F1&"_"&F2&"_"&F3&"_"&F4&"_"&F5&"_"&F6 -> USD_PMN_0_0_0_0 | G7: =G1&"_"&G2&"_"&G3&"_"&G4&"_"&G5&"_"&G6 -> USD_EMP_0_0_0_1 | H7: =H1&"_"&H2&"_"&H3&"_"&H4&"_"&H5&"_"&H6 -> USD_EAR_0_0_1_1 | I7: =I1&"_"&I2&"_"&I3&"_"&I4&"_"&I5&"_"&I6 -> USD_EXP_0_0_1_1 | J7: =J1&"_"&J2&"_"&J3&"_"&J4&"_"&J5&"_"&J6 -> USD_RET_0_0_0_1 | ... T7: =T1&"_"&T2&"_"&T3&"_"&T4&"_"&T5&"_"&T6 -> _____
A8: 197001 !M | B8: .excel_last | C8: S111VMC@INTSRVYS | D8: S111VMNI@INTSRVYS | E8: S111VMII@INTSRVYS | F8: S111VFC@INTSRVYS | G8: S111ELEN@G10 | H8: S111EH@G10 | I8: S111IX@G10 | J8: S111TRXC@G10 | K8: S111D@G10 | L8: S111HS@G10 | M8: S111TOD@G10 | N8: H111FGE@G10 | O8: RECESSM@USECON | P8: S111PC@G10 | Q8: S111PCX@G10 | R8: SP3200@USECON | S8: H111PFXI@G10 | T8: C111LIAT@OECDMEI
A9: .DESC | C9: U.S.: ISM Mfg: PMI Composite Index (SA, 50+ = Econ Expand) | D9: U.S.: ISM Mfg: New Orders Index (SA, 50+ = Econ Expand) | E9: U.S.: ISM Mfg: Inventories Index (SA, 50+ = Econ Expand) | F9: US: ISM: Nonmfg: NMI Composite Index (SA, 50+ = Econ Expand) | G9: U.S.: Total Employees on Nonfarm Payrolls (SA, Thous) | H9: U.S.: Average Hourly Earnings: Private Nonfarm Payrolls (SA, $/Hour) | I9: U.S.: Exports of Goods, f.a.s. (SA, Mil.$) | J9: U.S.: Retail Sales & Food Services excl Motor Vehicle & Parts(SA, Mil.Chn.2009$) | K9: U.S.: Industrial Production excluding Construction (SA, 2007=100) | L9: U.S.: Housing Starts (SA, Thous.Units) | M9: U.S.: Manufacturing New Orders: Durable Goods (SA, Mil.$) | N9: U.S.: Federal Outlays (SA, Mil.$) | O9: Monthly NBER Recession/Expansion: Recession Shading (+1/-1) | P9: U.S.: Consumer Price Index (SA, 1982-84=100) | Q9: U.S.: CPI-U: All Items Less Food and Energy (SA, 1982-84=100) | R9: PPI: Finished Goods: Capital Equipment (SA, 1982=100) | S9: U.S.: Export Price Index: All Exports (SA, 2000=100) | T9: U.S.: Total Leading Indicator (NSA, Amplitude Adjusted)
A10: .T1 | C10: Jan-1948 | D10: Jan-1948 | E10: Jan-1948 | F10: Jul-1997 | G10: Jan-1939 | H10: Jan-1964 | I10: Jan-1948 | J10: Jan-1992 | K10: Jan-1921 | L10: Jan-1959 | M10: Feb-1992 | N10: Jan-1954 | O10: Jan-1921 | P10: Jan-1947 | Q10: Jan-1957 | R10: Apr-1947 | S10: Jan-1989 | T10: Jan-1955
A11: .TN | C11: Jul-2014 | D11: Jul-2014 | E11: Jul-2014 | F11: Jul-2014 | G11: Jul-2014 | H11: Jul-2014 | I11: Jun-2014 | J11: Jun-2014 | K11: Jun-2014 | L11: Jun-2014 | M11: Jun-2014 | N11: Jun-2014 | O11: Jul-2014 | P11: Jun-2014 | Q11: Jun-2014 | R11: Jun-2014 | S11: Jun-2014 | T11: Jun-2014
A12: .SOURCE | C12: ISM | D12: ISM | E12: ISM | F12: ISM | G12: BLS | H12: BLS | I12: CENSUS | J12: BEA | K12: FRB | L12: CENSUS | M12: CENSUS | N12: TREAS/H | O12: NBER | P12: BLS | Q12: BLS | R12: BLS | S12: BLS/H | T12: OECD
A13: .LSOURCE | C13: Institute for Supply Management | D13: Institute for Supply Management | E13: Institute for Supply Management | F13: Institute for Supply Management | G13: Bureau of Labor Statistics | H13: Bureau of Labor Statistics | I13: Bureau of the Census | J13: Bureau of Economic Analysis | K13: Federal Reserve Board | L13: Census Bureau | M13: Bureau of the Census | N13: U.S. Treasury/Haver Analytics | O13: National Bureau of Economic Research | P13: Bureau of Labor Statistics | Q13: Bureau of Labor Statistics | R13: Bureau of Labor Statistics | S13: Bureau of Labor Statistics/Haver Analytics | T13: Organization for Economic Cooperation & Devt
A14: .AGG | C14: Average | D14: Average | E14: Average | F14: Average | G14: Average | H14: Average | I14: Sum | J14: Sum | K14: Average | L14: Sum | M14: Sum | N14: Sum | O14: Not Allowed | P14: Average | Q14: Average | R14: Average | S14: Average | T14: Average
A15: .DTLM | C15: Aug-01-2014 10:04 | D15: Aug-01-2014 10:04 | E15: Aug-01-2014 10:04 | F15: Aug-05-2014 10:02 | G15: Aug-01-2014 08:31 | H15: Aug-01-2014 08:31 | I15: Aug-06-2014 08:39 | J15: Aug-04-2014 14:36 | K15: Jul-16-2014 09:19 | L15: Jul-17-2014 08:32 | M15: Aug-05-2014 10:02 | N15: Jul-11-2014 16:23 | O15: Aug-01-2014 09:25 | P15: Jul-22-2014 08:33 | Q15: Jul-22-2014 08:33 | R15: Jul-16-2014 08:36 | S15: Jul-15-2014 08:39 | T15: Aug-11-2014 08:58
A16: .FRQ | C16: Monthly | D16: Monthly | E16: Monthly | F16: Monthly | G16: Monthly | H16: Monthly | I16: Monthly | J16: Monthly | K16: Monthly | L16: Monthly | M16: Monthly | N16: Monthly | O16: Monthly | P16: Monthly | Q16: Monthly | R16: Monthly | S16: Monthly | T16: Monthly
A17: .DATA_TYPE | C17: INDEX | D17: INDEX | E17: INDEX | F17: INDEX | G17: Units | H17: US$ | I17: US$ | J17: US$ | K17: INDEX | L17: Units | M17: US$ | N17: US$ | O17: SCALAR | P17: INDEX | Q17: INDEX | R17: INDEX | S17: INDEX | T17: INDEX
A18: 197001 | B18: 25599 | C18: 48.7 | D18: 45.8 | E18: 50.2 | F18: #N/A | G18: 71176 | H18: 3.31 | I18: 3405.6 | J18: #N/A | K18: 37.8724 | L18: 90 | M18: #N/A | N18: 15824 | O18: 1 | P18: 37.9 | Q18: 39.6 | R18: 39.3 | S18: #N/A | T18: 98.4964
A19: 197002 | B19: 25627 | C19: 47.4 | D19: 45.8 | E19: 48.6 | F19: #N/A | G19: 71304 | H19: 3.33 | I19: 3546.5 | J19: #N/A | K19: 37.8474 | L19: 109 | M19: #N/A | N19: 15987 | O19: 1 | P19: 38.1 | Q19: 39.8 | R19: 39.4 | S19: #N/A | T19: 98.1827
A20: 197003 | B20: 25658 | C20: 46.9 | D20: 45.2 | E20: 51.4 | F20: #N/A | G20: 71452 | H20: 3.35 | I20: 3375 | J20: #N/A | K20: 37.7983 | L20: 110 | M20: #N/A | N20: 17037 | O20: 1 | P20: 38.3 | Q20: 40.1 | R20: 39.6 | S20: #N/A | T20: 97.9191
A21: 197004 | B21: 25688 | C21: 45 | D21: 45.7 | E21: 44.3 | F21: #N/A | G21: 71348 | H21: 3.36 | I21: 3410 | J21: #N/A | K21: 37.7011 | L21: 105 | M21: #N/A | N21: 17345 | O21: 1 | P21: 38.5 | Q21: 40.4 | R21: 39.7 | S21: #N/A | T21: 97.7185
A22: 197005 | B22: 25719 | C22: 47.2 | D22: 45.3 | E22: 40.4 | F22: #N/A | G22: 71123 | H22: 3.38 | I22: 3660.9 | J22: #N/A | K22: 37.6572 | L22: 108 | M22: #N/A | N22: 17302 | O22: 1 | P22: 38.6 | Q22: 40.5 | R22: 39.8 | S22: #N/A | T22: 97.6062
A23: 197006 | B23: 25749 | C23: 51.1 | D23: 53.2 | E23: 45.3 | F23: #N/A | G23: 71029 | H23: 3.39 | I23: 3726.9 | J23: #N/A | K23: 37.5354 | L23: 115 | M23: #N/A | N23: 14639 | O23: 1 | P23: 38.8 | Q23: 40.8 | R23: 39.9 | S23: #N/A | T23: 97.5753
A24: 197007 | B24: 25780 | C24: 49.5 | D24: 52.5 | E24: 45.4 | F24: #N/A | G24: 71053 | H24: 3.41 | I24: 3703.6 | J24: #N/A | K24: 37.6275 | L24: 126 | M24: #N/A | N24: 17934 | O24: 1 | P24: 38.9 | Q24: 40.9 | R24: 40 | S24: #N/A | T24: 97.5968
A25: 197008 | B25: 25811 | C25: 47.3 | D25: 51.8 | E25: 43.8 | F25: #N/A | G25: 70933 | H25: 3.43 | I25: 3591.4 | J25: #N/A | K25: 37.5604 | L25: 117 | M25: #N/A | N25: 17686 | O25: 1 | P25: 39 | Q25: 41.1 | R25: 40.2 | S25: #N/A | T25: 97.6602
A26: 197009 | B26: 25841 | C26: 44.1 | D26: 44.2 | E26: 47.2 | F26: #N/A | G26: 70948 | H26: 3.45 | I26: 3552.7 | J26: #N/A | K26: 37.3015 | L26: 128 | M26: #N/A | N26: 16974 | O26: 1 | P26: 39.2 | Q26: 41.3 | R26: 40.3 | S26: #N/A | T26: 97.7867
A27: 197010 | B27: 25872 | C27: 42.4 | D27: 44.7 | E27: 45.7 | F27: #N/A | G27: 70519 | H27: 3.46 | I27: 3688 | J27: #N/A | K27: 36.5553 | L27: 132 | M27: #N/A | N27: 16630 | O27: 1 | P27: 39.4 | Q27: 41.5 | R27: 40.8 | S27: #N/A | T27: 98.0041
A28: 197011 | B28: 25902 | C28: 39.7 | D28: 43.3 | E28: 46.3 | F28: #N/A | G28: 70409 | H28: 3.47 | I28: 3499.4 | J28: #N/A | K28: 36.3339 | L28: 137 | M28: #N/A | N28: 17731 | O28: 1 | P28: 39.6 | Q28: 41.8 | R28: 41 | S28: #N/A | T28: 98.3455
A29: 197012 | B29: 25933 | C29: 45.4 | D29: 51.2 | E29: 44.4 | F29: #N/A | G29: 70790 | H29: 3.5 | I29: 3569.2 | J29: #N/A | K29: 37.1684 | L29: 158 | M29: #N/A | N29: 16754 | O29: -1 | P29: 39.8 | Q29: 42 | R29: 41.1 | S29: #N/A | T29: 98.7948
... A245: 198812 | B245: 32508 | C245: 56 | D245: 59 | E245: 49.9 | F245: #N/A | G245: 106906 | H245: 9.6 | I245: 29202.9 | J245: #N/A | K245: 61.8936 | L245: 130 | M245: #N/A | N245: 94596 | O245: -1 | P245: 120.7 | Q245: 126 | R245: 116.1 | S245: #N/A | T245: 100.5762
A246: 198901 | B246: 32539 | C246: 54.7 | D246: 57.3 | E246: 46.7 | F246: #N/A | G246: 107168 | H246: 9.65 | I246: 28380.8 | J246: #N/A | K246: 62.0714 | L246: 135 | M246: #N/A | N246: 96973 | O246: -1 | P246: 121.2 | Q246: 126.5 | R246: 116.9 | S246: 94.7 | T246: 100.5089
A247: 198902 | B247: 32567 | C247: 54.1 | D247: 57.3 | E247: 49 | F247: #N/A | G247: 107426 | H247: 9.68 | I247: 28494 | J247: #N/A | K247: 61.806 | L247: 119 | M247: #N/A | N247: 94734 | O247: -1 | P247: 121.6 | Q247: 126.9 | R247: 117.3 | S247: 94.6 | T247: 100.3801
A248: 198903 | B248: 32598 | C248: 51.5 | D248: 52 | E248: 48.3 | F248: #N/A | G248: 107619 | H248: 9.7 | I248: 30659.3 | J248: #N/A | K248: 61.961 | L248: 119 | M248: #N/A | N248: 93205 | O248: -1 | P248: 122.2 | Q248: 127.4 | R248: 117.5 | S248: 95.2 | T248: 100.208
A249: 198904 | B249: 32628 | C249: 52.2 | D249: 53.1 | E249: 47.4 | F249: #N/A | G249: 107792 | H249: 9.75 | I249: 30569.2 | J249: #N/A | K249: 62.0166 | L249: 112 | M249: #N/A | N249: 94208 | O249: -1 | P249: 123.1 | Q249: 127.8 | R249: 117.6 | S249: 94.9 | T249: 100.0234
A250: 198905 | B250: 32659 | C250: 49.3 | D250: 50.7 | E250: 44.9 | F250: #N/A | G250: 107910 | H250: 9.73 | I250: 30689.5 | J250: #N/A | K250: 61.5631 | L250: 111 | M250: #N/A | N250: 94365 | O250: -1 | P250: 123.7 | Q250: 128.3 | R250: 118.3 | S250: 95.2 | T250: 99.8552
A251: 198906 | B251: 32689 | C251: 47.3 | D251: 45.6 | E251: 47.5 | F251: #N/A | G251: 108026 | H251: 9.77 | I251: 31295.3 | J251: #N/A | K251: 61.6029 | L251: 116 | M251: #N/A | N251: 93302 | O251: -1 | P251: 124.1 | Q251: 128.8 | R251: 118.9 | S251: 95.2 | T251: 99.733
A252: 198907 | B252: 32720 | C252: 45.9 | D252: 45.8 | E252: 46.2 | F252: #N/A | G252: 108066 | H252: 9.82 | I252: 29933.6 | J252: #N/A | K252: 61.0102 | L252: 119 | M252: #N/A | N252: 93094 | O252: -1 | P252: 124.5 | Q252: 129.2 | R252: 118.9 | S252: 94.9 | T252: 99.6632
A253: 198908 | B253: 32751 | C253: 45.1 | D253: 45.2 | E253: 43.5 | F253: #N/A | G253: 108115 | H253: 9.83 | I253: 30167.5 | J253: #N/A | K253: 61.5621 | L253: 111 | M253: #N/A | N253: 95103 | O253: -1 | P253: 124.5 | Q253: 129.5 | R253: 119.3 | S253: 94.2 | T253: 99.6414
A254: 198909 | B254: 32781 | C254: 46 | D254: 46 | E254: 44.8 | F254: #N/A | G254: 108365 | H254: 9.87 | I254: 30414.6 | J254: #N/A | K254: 61.3843 | L254: 107 | M254: #N/A | N254: 109773 | O254: -1 | P254: 124.8 | Q254: 129.9 | R254: 119.7 | S254: 94.5 | T254: 99.6597
A255: 198910 | B255: 32812 | C255: 46.8 | D255: 49.3 | E255: 43.8 | F255: #N/A | G255: 108476 | H255: 9.93 | I255: 31159.6 | J255: #N/A | K255: 61.3103 | L255: 118 | M255: #N/A | N255: 96752 | O255: -1 | P255: 125.4 | Q255: 130.6 | R255: 120 | S255: 94.4 | T255: 99.6987
A256: 198911 | B256: 32842 | C256: 46.8 | D256: 49.3 | E256: 41.4 | F256: #N/A | G256: 108753 | H256: 9.93 | I256: 30526 | J256: #N/A | K256: 61.5146 | L256: 113 | M256: #N/A | N256: 97656 | O256: -1 | P256: 125.9 | Q256: 131.1 | R256: 120.4 | S256: 94.3 | T256: 99.7493
A257: 198912 | B257: 32873 | C257: 47.4 | D257: 50.4 | E257: 43.9 | F257: #N/A | G257: 108849 | H257: 9.98 | I257: 31522 | J257: #N/A | K257: 61.8768 | L257: 104 | M257: #N/A | N257: 99474 | O257: -1 | P257: 126.3 | Q257: 131.6 | R257: 120.6 | S257: 94.6 | T257: 99.8077
... A281: 199112 | B281: 33603 | C281: 46.8 | D281: 49.5 | E281: 38.8 | F281: #N/A | G281: 108324 | H281: 10.64 | I281: 35619.3 | J281: #N/A | K281: 61.6968 | L281: 90 | M281: #N/A | N281: 103261 | O281: -1 | P281: 138.2 | Q281: 144.7 | R281: 128 | S281: 95.9 | T281: 99.129
A282: 199201 | B282: 33634 | C282: 47.3 | D282: 49.6 | E282: 44.1 | F282: #N/A | G282: 108378 | H282: 10.65 | I282: 35403.7 | J282: 173078 | K282: 61.3162 | L282: 98 | M282: #N/A | N282: 119363 | O282: -1 | P282: 138.3 | Q282: 145.1 | R282: 128.2 | S282: 95.6 | T282: 99.1921
A283: 199202 | B283: 33663 | C283: 52.7 | D283: 58.3 | E283: 44 | F283: #N/A | G283: 108313 | H283: 10.67 | I283: 37702.1 | J283: 172400 | K283: 61.7625 | L283: 104 | M283: 114535 | N283: 116692 | O283: -1 | P283: 138.6 | Q283: 145.4 | R283: 128.3 | S283: 96.2 | T283: 99.3208
A284: 199203 | B284: 33694 | C284: 54.6 | D284: 63.3 | E284: 44.3 | F284: #N/A | G284: 108368 | H284: 10.7 | I284: 37208 | J284: 171737 | K284: 62.3018 | L284: 108 | M284: 120025 | N284: 120342 | O284: -1 | P284: 139.1 | Q284: 145.9 | R284: 128.6 | S284: 96.2 | T284: 99.4745
A285: 199204 | B285: 33724 | C285: 52.6 | D285: 59.1 | E285: 43.2 | F285: #N/A | G285: 108527 | H285: 10.72 | I285: 36558.4 | J285: 172187 | K285: 62.735 | L285: 92 | M285: 124470 | N285: 121959 | O285: -1 | P285: 139.4 | Q285: 146.3 | R285: 129 | S285: 96.2 | T285: 99.5996
A286: 199205 | B286: 33755 | C286: 55.7 | D286: 60.9 | E286: 47 | F286: #N/A | G286: 108654 | H286: 10.74 | I286: 36012 | J286: 172418 | K286: 62.9477 | L286: 101 | M286: 125822 | N286: 114009 | O286: -1 | P286: 139.7 | Q286: 146.8 | R286: 129 | S286: 96.4 | T286: 99.6709
A287: 199206 | B287: 33785 | C287: 53.6 | D287: 59.8 | E287: 43.1 | F287: #N/A | G287: 108721 | H287: 10.77 | I287: 38356.1 | J287: 172126 | K287: 62.9333 | L287: 95 | M287: 122834 | N287: 113778 | O287: -1 | P287: 140.1 | Q287: 147.1 | R287: 129 | S287: 96.5 | T287: 99.6788
A288: 199207 | B288: 33816 | C288: 53.9 | D288: 59.5 | E288: 46.9 | F288: #N/A | G288: 108790 | H288: 10.79 | I288: 37501.9 | J288: 172710 | K288: 63.4966 | L288: 95 | M288: 122590 | N288: 115241 | O288: -1 | P288: 140.5 | Q288: 147.6 | R288: 129.1 | S288: 96.7 | T288: 99.6564
A289: 199208 | B289: 33847 | C289: 53.4 | D289: 58.8 | E289: 45.8 | F289: #N/A | G289: 108930 | H289: 10.82 | I289: 36444.8 | J289: 174001 | K289: 63.1933 | L289: 102 | M289: 120411 | N289: 112263 | O289: -1 | P289: 140.8 | Q289: 147.9 | R289: 129.4 | S289: 96.4 | T289: 99.6437
A290: 199209 | B290: 33877 | C290: 49.7 | D290: 51.1 | E290: 42.3 | F290: #N/A | G290: 108966 | H290: 10.82 | I290: 37469.5 | J290: 174243 | K290: 63.3374 | L290: 99 | M290: 120711 | N290: 115040 | O290: -1 | P290: 141.1 | Q290: 148.1 | R290: 129.4 | S290: 96.8 | T290: 99.6743
A291: 199210 | B291: 33908 | C291: 50.3 | D291: 53.8 | E291: 42.4 | F291: #N/A | G291: 109145 | H291: 10.85 | I291: 38931.7 | J291: 175501 | K291: 63.8251 | L291: 104 | M291: 127392 | N291: 117773 | O291: -1 | P291: 141.7 | Q291: 148.8 | R291: 129.7 | S291: 96.3 | T291: 99.7695
A292: 199211 | B292: 33938 | C292: 53.6 | D292: 58.8 | E292: 42.1 | F292: #N/A | G292: 109284 | H292: 10.87 | I292: 37744.3 | J292: 175703 | K292: 64.0929 | L292: 101 | M292: 122374 | N292: 113144 | O292: -1 | P292: 142.1 | Q292: 149.2 | R292: 129.9 | S292: 96.4 | T292: 99.9028
A293: 199212 | B293: 33969 | C293: 54.2 | D293: 61 | E293: 45 | F293: #N/A | G293: 109494 | H293: 10.89 | I293: 38830.9 | J293: 177209 | K293: 64.1359 | L293: 102 | M293: 126080 | N293: 139797 | O293: -1 | P293: 142.3 | Q293: 149.6 | R293: 130.1 | S293: 96.5 | T293: 100.0164
A294: 199301 | B294: 34000 | C294: 55.8 | D294: 63 | E294: 43.3 | F294: #N/A | G294: 109805 | H294: 10.93 | I294: 37616 | J294: 177935 | K294: 64.442 | L294: 101 | M294: 121637 | N294: 91247 | O294: -1 | P294: 142.8 | Q294: 150.1 | R294: 130.4 | S294: 96.3 | T294: 100.0621
... A347: 199706 | B347: 35611 | C347: 54.9 | D347: 59.4 | E347: 45.2 | F347: #N/A | G347: 122818 | H347: 12.46 | I347: 58288.9 | J347: 210823 | K347: 79.634 | L347: 125 | M347: 174738 | N347: 127467 | O347: -1 | P347: 160.2 | Q347: 169.4 | R347: 138.3 | S347: 103 | T347: 100.5937
A348: 199707 | B348: 35642 | C348: 57.7 | D348: 61.3 | E348: 45.9 | F348: 56.7 | G348: 123131 | H348: 12.5 | I348: 59589.8 | J348: 212871 | K348: 80.3148 | L348: 120 | M348: 179142 | N348: 135534 | O348: -1 | P348: 160.4 | Q348: 169.7 | R348: 138.2 | S348: 103.2 | T348: 100.7036
A349: 199708 | B349: 35673 | C349: 56.3 | D349: 60.3 | E349: 43 | F349: 62 | G349: 123092 | H349: 12.57 | I349: 58251.3 | J349: 212942 | K349: 81.0985 | L349: 116 | M349: 176536 | N349: 146817 | O349: -1 | P349: 160.8 | Q349: 169.8 | R349: 138.2 | S349: 103.2 | T349: 100.786
A350: 199709 | B350: 35703 | C350: 53.9 | D350: 55.4 | E350: 47.2 | F350: 56.2 | G350: 123604 | H350: 12.6 | I350: 58605.4 | J350: 213872 | K350: 81.8177 | L350: 129 | M350: 177546 | N350: 125004 | O350: -1 | P350: 161.2 | Q350: 170.2 | R350: 138.2 | S350: 103.1 | T350: 100.846
A351: 199710 | B351: 35734 | C351: 56.4 | D351: 60.9 | E351: 45 | F351: 56.6 | G351: 123945 | H351: 12.67 | I351: 58765.3 | J351: 214141 | K351: 82.55 | L351: 127 | M351: 178973 | N351: 136136 | O351: -1 | P351: 161.5 | Q351: 170.6 | R351: 138 | S351: 102.7 | T351: 100.8787
A352: 199711 | B352: 35764 | C352: 55.7 | D352: 57.4 | E352: 43.8 | F352: 58.5 | G352: 124251 | H352: 12.72 | I352: 57657.3 | J352: 214748 | K352: 83.2814 | L352: 126 | M352: 191257 | N352: 134022 | O352: -1 | P352: 161.7 | Q352: 170.8 | R352: 137.8 | S352: 102.6 | T352: 100.8769
A353: 199712 | B353: 35795 | C353: 54.5 | D353: 57.2 | E353: 46.2 | F353: 55.5 | G353: 124554 | H353: 12.75 | I353: 58247.4 | J353: 215050 | K353: 83.5471 | L353: 131 | M353: 173570 | N353: 140968 | O353: -1 | P353: 161.8 | Q353: 171.2 | R353: 137.7 | S353: 102.1 | T353: 100.8398
A354: 199801 | B354: 35826 | C354: 53.8 | D354: 57.1 | E354: 46.2 | F354: 57 | G354: 124830 | H354: 12.79 | I354: 58296.1 | J354: 216524 | K354: 83.9719 | L354: 127 | M354: 174244 | N354: 139461 | O354: -1 | P354: 162 | Q354: 171.6 | R354: 137.7 | S354: 101.4 | T354: 100.7876
A355: 199802 | B355: 35854 | C355: 52.9 | D355: 54.6 | E355: 46.2 | F355: 56.2 | G355: 125026 | H355: 12.84 | I355: 57456 | J355: 218127 | K355: 84.0422 | L355: 132 | M355: 181130 | N355: 139664 | O355: -1 | P355: 162 | Q355: 171.9 | R355: 137.7 | S355: 101 | T355: 100.7197
A356: 199803 | B356: 35885 | C356: 52.9 | D356: 54.9 | E356: 46 | F356: 54.7 | G356: 125177 | H356: 12.88 | I356: 57814.5 | J356: 219109 | K356: 84.1094 | L356: 131 | M356: 177078 | N356: 127817 | O356: -1 | P356: 162 | Q356: 172.2 | R356: 137.8 | S356: 100.6 | T356: 100.6196
A357: 199804 | B357: 35915 | C357: 52.2 | D357: 55.3 | E357: 46.1 | F357: 54.9 | G357: 125456 | H357: 12.92 | I357: 56013.9 | J357: 221352 | K357: 84.402 | L357: 128 | M357: 180941 | N357: 136249 | O357: -1 | P357: 162.2 | Q357: 172.5 | R357: 137.6 | S357: 100.2 | T357: 100.4865
A358: 199805 | B358: 35946 | C358: 50.9 | D358: 51.5 | E358: 46 | F358: 56.2 | G358: 125862 | H358: 12.97 | I358: 55986 | J358: 221609 | K358: 84.9233 | L358: 128 | M358: 180177 | N358: 140448 | O358: -1 | P358: 162.6 | Q358: 172.9 | R358: 137.4 | S358: 100.2 | T358: 100.3233
A359: 199806 | B359: 35976 | C359: 48.9 | D359: 50.2 | E359: 42 | F359: 55.1 | G359: 126080 | H359: 12.99 | I359: 56144.8 | J359: 222465 | K359: 84.3698 | L359: 137 | M359: 172478 | N359: 136754 | O359: -1 | P359: 162.8 | Q359: 173.2 | R359: 137.4 | S359: 99.8 | T359: 100.1424
... A551: 201406 | B551: 41820 | C551: 55.3 | D551: 58.9 | E551: 53 | F551: 56 | G551: 138795 | H551: 20.57 | I551: 135543.7 | J551: 338215 | K551: 103.9152 | L551: 74 | M551: 242370 | N551: 276672 | O551: -1 | P551: 237.693 | Q551: 238.083 | R551: 166.4 | S551: 132.9 | T551: 100.4783
A552: 201407 | B552: 41851 | C552: 57.1 | D552: 63.4 | E552: 48.5 | F552: 58.7 | G552: 139004 | H552: 20.61 | O552: -1

Sheet usd_T
A1: Country | C1: USD | D1: =C1 -> USD | E1: =D1 -> USD | F1: =E1 -> USD | G1: =F1 -> USD | H1: =G1 -> USD | I1: =H1 -> USD | J1: =I1 -> USD | K1: =J1 -> USD | ... N1: =M1 -> USD
A2: Category | C2: PMI | D2: NOR | E2: INV | F2: PMN | G2: EMP | H2: EAR | I2: EXP | J2: RET | K2: IND | L2: HOU | M2: IOR | N2: GOV
A3: Frequency | C3: 0 | G3: 0
A4: SA | C4: 1 | G4: 1
A5: Real or nominal | C5: 0 | G5: 0
A6: Transformation | C6: 0 | G6: 1
A7: Ticker | C7: =C1&"_"&C2&"_"&C3&"_"&C4&"_"&C5&"_"&C6 -> USD_PMI_0_1_0_0
A8: 198001 !M | B8: .excel_last | C8: S111VMC@INTSRVYS | D8: S111VMNI@INTSRVYS | E8: S111VMII@INTSRVYS | F8: S111VFC@INTSRVYS | G8: S111ELEN@G10 | H8: S111EH@G10 | I8: S111IX@G10 | J8: S111TRXC@G10 | K8: S111D@G10 | L8: S111HS@G10 | M8: S111TOD@G10 | N8: H111FGE@G10
A9: .DESC | C9: U.S.: ISM Mfg: PMI Composite Index (SA, 50+ = Econ Expand) | D9: U.S.: ISM Mfg: New Orders Index (SA, 50+ = Econ Expand) | E9: U.S.: ISM Mfg: Inventories Index (SA, 50+ = Econ Expand) | F9: US: ISM: Nonmfg: NMI Composite Index (SA, 50+ = Econ Expand) | G9: U.S.: Total Employees on Nonfarm Payrolls (SA, Thous) | H9: U.S.: Average Hourly Earnings: Private Nonfarm Payrolls (SA, $/Hour) | I9: U.S.: Exports of Goods, f.a.s. (SA, Mil.$) | J9: U.S.: Retail Sales & Food Services excl Motor Vehicle & Parts(SA, Mil.Chn.2009$) | K9: U.S.: Industrial Production excluding Construction (SA, 2007=100) | L9: U.S.: Housing Starts (SA, Thous.Units) | M9: U.S.: Manufacturing New Orders: Durable Goods (SA, Mil.$) | N9: U.S.: Federal Outlays (SA, Mil.$)
A10: .T1 | C10: Jan-1948 | D10: Jan-1948 | E10: Jan-1948 | F10: Jul-1997 | G10: Jan-1939 | H10: Jan-1964 | I10: Jan-1948 | J10: Jan-1992 | K10: Jan-1921 | L10: Jan-1959 | M10: Feb-1992 | N10: Jan-1954
A11: .TN | C11: Jul-2014 | D11: Jul-2014 | E11: Jul-2014 | F11: Jul-2014 | G11: Jul-2014 | H11: Jul-2014 | I11: Jun-2014 | J11: Jun-2014 | K11: Jun-2014 | L11: Jun-2014 | M11: Jun-2014 | N11: Jun-2014
A12: .SOURCE | C12: ISM | D12: ISM | E12: ISM | F12: ISM | G12: BLS | H12: BLS | I12: CENSUS | J12: BEA | K12: FRB | L12: CENSUS | M12: CENSUS | N12: TREAS/H
A13: .LSOURCE | C13: Institute for Supply Management | D13: Institute for Supply Management | E13: Institute for Supply Management | F13: Institute for Supply Management | G13: Bureau of Labor Statistics | H13: Bureau of Labor Statistics | I13: Bureau of the Census | J13: Bureau of Economic Analysis | K13: Federal Reserve Board | L13: Census Bureau | M13: Bureau of the Census | N13: U.S. Treasury/Haver Analytics
A14: .AGG | C14: Average | D14: Average | E14: Average | F14: Average | G14: Average | H14: Average | I14: Sum | J14: Sum | K14: Average | L14: Sum | M14: Sum | N14: Sum
A15: .DTLM | C15: Aug-01-2014 10:04 | D15: Aug-01-2014 10:04 | E15: Aug-01-2014 10:04 | F15: Aug-05-2014 10:02 | G15: Aug-01-2014 08:31 | H15: Aug-01-2014 08:31 | I15: Aug-06-2014 08:39 | J15: Aug-04-2014 14:36 | K15: Jul-16-2014 09:19 | L15: Jul-17-2014 08:32 | M15: Aug-05-2014 10:02 | N15: Jul-11-2014 16:23
A16: .FRQ | C16: Monthly | D16: Monthly | E16: Monthly | F16: Monthly | G16: Monthly | H16: Monthly | I16: Monthly | J16: Monthly | K16: Monthly | L16: Monthly | M16: Monthly | N16: Monthly
A17: .DATA_TYPE | C17: INDEX | D17: INDEX | E17: INDEX | F17: INDEX | G17: Units | H17: US$ | I17: US$ | J17: US$ | K17: INDEX | L17: Units | M17: US$ | N17: US$
A18: 198001 | B18: 29251
A19: 198002 | B19: 29280
A20: 198003 | B20: 29311
A21: 198004 | B21: 29341
A22: 198005 | B22: 29372
A23: 198006 | B23: 29402
A24: 198007 | B24: 29433
A25: 198008 | B25: 29464
A26: 198009 | B26: 29494
A27: 198010 | B27: 29525
A28: 198011 | B28: 29555
A29: 198012 | B29: 29586
A30: 198101 | B30: 29617 | C30: =usd!C30 -> 47.9 | D30: =usd!D30 -> 55.4 | E30: =usd!E30 -> 47.4 | F30: =usd!F30 -> #N/A | G30: =(usd!G30/usd!G18-1)*100 -> -0.43554007 | H30: =(usd!H30/usd!H18-1)*100 -> 6.3444109 | I30: =(usd!I30/usd!I18-1)*100 -> 5.7464177 | J30: =(usd!J30/usd!J18-1)*100 -> #N/A | K30: =(usd!K30/usd!K18-1)*100 -> -1.1039702 | L30: =(usd!L30/usd!L18-1)*100 -> 68.888889 | M30: =(usd!M30/usd!M18-1)*100 -> #N/A | N30: =(usd!N30/usd!N18-1)*100 -> 10.401921 | O30: =usd!O30 -> -1
A31: 198102 | B31: 29645 | C31: =usd!C31 -> 54.8 | D31: =usd!D31 -> 62.8 | E31: =usd!E31 -> 48 | F31: =usd!F31 -> #N/A | G31: =(usd!G31/usd!G19-1)*100 -> -0.69841804 | H31: =(usd!H31/usd!H19-1)*100 -> 6.3063063 | I31: =(usd!I31/usd!I19-1)*100 -> 4.1731284 | J31: =(usd!J31/usd!J19-1)*100 -> #N/A | K31: =(usd!K31/usd!K19-1)*100 -> -1.227297 | L31: =(usd!L31/usd!L19-1)*100 -> 33.027523 | M31: =(usd!M31/usd!M19-1)*100 -> #N/A | N31: =(usd!N31/usd!N19-1)*100 -> 10.708701 | O31: =usd!O31 -> -1
A32: 198103 | B32: 29676 | C32: =usd!C32 -> 51.2 | D32: =usd!D32 -> 56.2 | E32: =usd!E32 -> 51.2 | F32: =usd!F32 -> #N/A | G32: =(usd!G32/usd!G20-1)*100 -> -0.82992778 | H32: =(usd!H32/usd!H20-1)*100 -> 6.2686567 | I32: =(usd!I32/usd!I20-1)*100 -> 12.281481 | J32: =(usd!J32/usd!J20-1)*100 -> #N/A | K32: =(usd!K32/usd!K20-1)*100 -> -1.2061389 | L32: =(usd!L32/usd!L20-1)*100 -> 44.545455 | M32: =(usd!M32/usd!M20-1)*100 -> #N/A | N32: =(usd!N32/usd!N20-1)*100 -> 3.8915302 | O32: =usd!O32 -> -1
A33: 198104 | B33: 29706 | C33: =usd!C33 -> 54.5 | D33: =usd!D33 -> 59.6 | E33: =usd!E33 -> 55.5 | F33: =usd!F33 -> #N/A | G33: =(usd!G33/usd!G21-1)*100 -> -0.43589169 | H33: =(usd!H33/usd!H21-1)*100 -> 6.25 | I33: =(usd!I33/usd!I21-1)*100 -> 6.4721408 | J33: =(usd!J33/usd!J21-1)*100 -> #N/A | K33: =(usd!K33/usd!K21-1)*100 -> -0.39521393 | L33: =(usd!L33/usd!L21-1)*100 -> 58.095238 | M33: =(usd!M33/usd!M21-1)*100 -> #N/A | N33: =(usd!N33/usd!N21-1)*100 -> -2.7558374 | O33: =usd!O33 -> -1
A34: 198105 | B34: 29737 | C34: =usd!C34 -> 54.2 | D34: =usd!D34 -> 57 | E34: =usd!E34 -> 55.1 | F34: =usd!F34 -> #N/A | G34: =(usd!G34/usd!G22-1)*100 -> 0.17434585 | H34: =(usd!H34/usd!H22-1)*100 -> 6.5088757 | I34: =(usd!I34/usd!I22-1)*100 -> 2.3327597 | J34: =(usd!J34/usd!J22-1)*100 -> #N/A | K34: =(usd!K34/usd!K22-1)*100 -> 0.22678266 | L34: =(usd!L34/usd!L22-1)*100 -> 58.333333 | M34: =(usd!M34/usd!M22-1)*100 -> #N/A | N34: =(usd!N34/usd!N22-1)*100 -> 8.1204485 | O34: =usd!O34 -> -1
A35: 198106 | B35: 29767 | C35: =usd!C35 -> 53.8 | D35: =usd!D35 -> 57.9 | E35: =usd!E35 -> 59 | F35: =usd!F35 -> #N/A | G35: =(usd!G35/usd!G23-1)*100 -> 0.31536415 | H35: =(usd!H35/usd!H23-1)*100 -> 6.7846608 | I35: =(usd!I35/usd!I23-1)*100 -> -1.4650246 | J35: =(usd!J35/usd!J23-1)*100 -> #N/A | K35: =(usd!K35/usd!K23-1)*100 -> 0.97374745 | L35: =(usd!L35/usd!L23-1)*100 -> 46.956522 | M35: =(usd!M35/usd!M23-1)*100 -> #N/A | N35: =(usd!N35/usd!N23-1)*100 -> 29.68782 | O35: =usd!O35 -> -1
A36: 198107 | B36: 29798 | C36: =usd!C36 -> 54.4 | D36: =usd!D36 -> 57.8 | E36: =usd!E36 -> 58.9 | F36: =usd!F36 -> #N/A | G36: =(usd!G36/usd!G24-1)*100 -> 0.36873883 | H36: =(usd!H36/usd!H24-1)*100 -> 6.4516129 | I36: =(usd!I36/usd!I24-1)*100 -> -3.5316989 | J36: =(usd!J36/usd!J24-1)*100 -> #N/A | K36: =(usd!K36/usd!K24-1)*100 -> 0.43425686 | L36: =(usd!L36/usd!L24-1)*100 -> 38.095238 | M36: =(usd!M36/usd!M24-1)*100 -> #N/A | N36: =(usd!N36/usd!N24-1)*100 -> -0.59105609 | O36: =usd!O36 -> -1
A37: 198108 | B37: 29829 | C37: =usd!C37 -> 53.6 | D37: =usd!D37 -> 58.4 | E37: =usd!E37 -> 50.9 | F37: =usd!F37 -> #N/A | G37: =(usd!G37/usd!G25-1)*100 -> 0.61607432 | H37: =(usd!H37/usd!H25-1)*100 -> 6.7055394 | I37: =(usd!I37/usd!I25-1)*100 -> 2.0911065 | J37: =(usd!J37/usd!J25-1)*100 -> #N/A | K37: =(usd!K37/usd!K25-1)*100 -> 0.029818639 | L37: =(usd!L37/usd!L25-1)*100 -> 53.846154 | M37: =(usd!M37/usd!M25-1)*100 -> #N/A | N37: =(usd!N37/usd!N25-1)*100 -> 10.771231 | O37: =usd!O37 -> -1
A38: 198109 | B38: 29859 | C38: =usd!C38 -> 55.1 | D38: =usd!D38 -> 61 | E38: =usd!E38 -> 40.2 | F38: =usd!F38 -> #N/A | G38: =(usd!G38/usd!G26-1)*100 -> 0.94294413 | H38: =(usd!H38/usd!H26-1)*100 -> 6.3768116 | I38: =(usd!I38/usd!I26-1)*100 -> 26.292679 | J38: =(usd!J38/usd!J26-1)*100 -> #N/A | K38: =(usd!K38/usd!K26-1)*100 -> 2.3610311 | L38: =(usd!L38/usd!L26-1)*100 -> 32.8125 | M38: =(usd!M38/usd!M26-1)*100 -> #N/A | N38: =(usd!N38/usd!N26-1)*100 -> 3.876517 | O38: =usd!O38 -> -1
A39: 198110 | B39: 29890 | C39: =usd!C39 -> 55 | D39: =usd!D39 -> 61.4 | E39: =usd!E39 -> 38.1 | F39: =usd!F39 -> #N/A | G39: =(usd!G39/usd!G27-1)*100 -> 1.5924786 | H39: =(usd!H39/usd!H27-1)*100 -> 6.3583815 | I39: =(usd!I39/usd!I27-1)*100 -> -27.635575 | J39: =(usd!J39/usd!J27-1)*100 -> #N/A | K39: =(usd!K39/usd!K27-1)*100 -> 5.2323466 | L39: =(usd!L39/usd!L27-1)*100 -> 34.090909 | M39: =(usd!M39/usd!M27-1)*100 -> #N/A | N39: =(usd!N39/usd!N27-1)*100 -> 14.996993 | O39: =usd!O39 -> -1
A40: 198111 | B40: 29920 | C40: =usd!C40 -> 52.3 | D40: =usd!D40 -> 55.4 | E40: =usd!E40 -> 41.6 | F40: =usd!F40 -> #N/A | G40: =(usd!G40/usd!G28-1)*100 -> 2.0409323 | H40: =(usd!H40/usd!H28-1)*100 -> 6.3400576 | I40: =(usd!I40/usd!I28-1)*100 -> -8.6786306 | J40: =(usd!J40/usd!J28-1)*100 -> #N/A | K40: =(usd!K40/usd!K28-1)*100 -> 6.3230207 | L40: =(usd!L40/usd!L28-1)*100 -> 32.846715 | M40: =(usd!M40/usd!M28-1)*100 -> #N/A | N40: =(usd!N40/usd!N28-1)*100 -> 6.2602222 | O40: =usd!O40 -> -1
A41: 198112 | B41: 29951 | C41: =usd!C41 -> 57.6 | D41: =usd!D41 -> 63.5 | E41: =usd!E41 -> 47.7 | F41: =usd!F41 -> #N/A | G41: =(usd!G41/usd!G29-1)*100 -> 1.8618449 | H41: =(usd!H41/usd!H29-1)*100 -> 6.5714286 | I41: =(usd!I41/usd!I29-1)*100 -> 8.7330494 | J41: =(usd!J41/usd!J29-1)*100 -> #N/A | K41: =(usd!K41/usd!K29-1)*100 -> 5.1355452 | L41: =(usd!L41/usd!L29-1)*100 -> 20.886076 | M41: =(usd!M41/usd!M29-1)*100 -> #N/A | N41: =(usd!N41/usd!N29-1)*100 -> 5.3479766 | O41: =usd!O41 -> -1
... A431: 201406 | B431: 41820 | C431: =usd!C431 -> 60.5 | D431: =usd!D431 -> 60.9 | E431: =usd!E431 -> 51.3 | F431: =usd!F431 -> 58.6 | G431: =(usd!G431/usd!G419-1)*100 -> 1.2192124 | H431: =(usd!H431/usd!H419-1)*100 -> 2.0182292 | I431: =(usd!I431/usd!I419-1)*100 -> 9.5674967 | J431: =(usd!J431/usd!J419-1)*100 -> 2.940495 | K431: =(usd!K431/usd!K419-1)*100 -> 2.2483668 | L431: =(usd!L431/usd!L419-1)*100 -> -2.5641026 | M431: =(usd!M431/usd!M419-1)*100 -> 6.579552 | N431: =(usd!N431/usd!N419-1)*100 -> 6.9312278 | O431: =usd!O431 -> -1
A432: 201407 | B432: 41851 | C432: =usd!C432 -> 59.9 | D432: =usd!D432 -> 62.8 | E432: =usd!E432 -> 50.8 | F432: =usd!F432 -> 58.5 | G432: =(usd!G432/usd!G420-1)*100 -> 1.22591 | H432: =(usd!H432/usd!H420-1)*100 -> 1.9480519 | O432: =usd!O432 -> -1

Sheet usd_sd
A1: Country | C1: USD | D1: =C1 -> USD | E1: =D1 -> USD | F1: =E1 -> USD | G1: =F1 -> USD | H1: =G1 -> USD | I1: =H1 -> USD | J1: =I1 -> USD | K1: =J1 -> USD | ... N1: =M1 -> USD
A2: Category | C2: PMI | D2: NOR | E2: INV | F2: PMN | G2: EMP | H2: EAR | I2: EXP | J2: RET | K2: IND | L2: HOU | M2: IOR | N2: GOV
A3: Frequency | C3: 0 | D3: 0 | E3: 0 | F3: 0 | G3: 0 | H3: 0 | I3: 0 | J3: 0 | K3: 0 | L3: 0 | M3: 0 | N3: 0
A4: SA | C4: 1 | D4: 1 | E4: 1 | F4: 1 | G4: 1 | H4: 1 | I4: 1 | J4: 1 | K4: 1 | L4: 1 | M4: 1 | N4: 1
A5: Real or nominal | C5: 0 | D5: 0 | E5: 0 | F5: 0 | G5: 0 | H5: 0 | I5: 0 | J5: 0 | K5: 0 | L5: 0 | M5: 0 | N5: 0
A6: Transformation | C6: 0 | D6: 0 | E6: 0 | F6: 0 | G6: 0 | H6: 0 | I6: 0 | J6: 0 | K6: 0 | L6: 0 | M6: 0 | N6: 0
A7: Ticker | C7: =C1&"_"&C2&"_"&C3&"_"&C4&"_"&C5&"_"&C6 -> USD_PMI_0_1_0_0 | D7: =D1&"_"&D2&"_"&D3&"_"&D4&"_"&D5&"_"&D6 -> USD_NOR_0_1_0_0 | E7: =E1&"_"&E2&"_"&E3&"_"&E4&"_"&E5&"_"&E6 -> USD_INV_0_1_0_0 | F7: =F1&"_"&F2&"_"&F3&"_"&F4&"_"&F5&"_"&F6 -> USD_PMN_0_1_0_0 | G7: =G1&"_"&G2&"_"&G3&"_"&G4&"_"&G5&"_"&G6 -> USD_EMP_0_1_0_0 | H7: =H1&"_"&H2&"_"&H3&"_"&H4&"_"&H5&"_"&H6 -> USD_EAR_0_1_0_0 | I7: =I1&"_"&I2&"_"&I3&"_"&I4&"_"&I5&"_"&I6 -> USD_EXP_0_1_0_0 | J7: =J1&"_"&J2&"_"&J3&"_"&J4&"_"&J5&"_"&J6 -> USD_RET_0_1_0_0 | ... N7: =N1&"_"&N2&"_"&N3&"_"&N4&"_"&N5&"_"&N6 -> USD_GOV_0_1_0_0
A8: 198001 !M | B8: .excel_last | C8: S111VMC@INTSRVYS | D8: S111VMNI@INTSRVYS | E8: S111VMII@INTSRVYS | F8: S111VFC@INTSRVYS | G8: S111ELEN@G10 | H8: S111EH@G10 | I8: S111IX@G10 | J8: S111TRXC@G10 | K8: S111D@G10 | L8: S111HS@G10 | M8: S111TOD@G10 | N8: H111FGE@G10
A9: .DESC | C9: U.S.: ISM Mfg: PMI Composite Index (SA, 50+ = Econ Expand) | D9: U.S.: ISM Mfg: New Orders Index (SA, 50+ = Econ Expand) | E9: U.S.: ISM Mfg: Inventories Index (SA, 50+ = Econ Expand) | F9: US: ISM: Nonmfg: NMI Composite Index (SA, 50+ = Econ Expand) | G9: U.S.: Total Employees on Nonfarm Payrolls (SA, Thous) | H9: U.S.: Average Hourly Earnings: Private Nonfarm Payrolls (SA, $/Hour) | I9: U.S.: Exports of Goods, f.a.s. (SA, Mil.$) | J9: U.S.: Retail Sales & Food Services excl Motor Vehicle & Parts(SA, Mil.Chn.2009$) | K9: U.S.: Industrial Production excluding Construction (SA, 2007=100) | L9: U.S.: Housing Starts (SA, Thous.Units) | M9: U.S.: Manufacturing New Orders: Durable Goods (SA, Mil.$) | N9: U.S.: Federal Outlays (SA, Mil.$)
A10: .T1 | C10: Jan-1948 | D10: Jan-1948 | E10: Jan-1948 | F10: Jul-1997 | G10: Jan-1939 | H10: Jan-1964 | I10: Jan-1948 | J10: Jan-1992 | K10: Jan-1921 | L10: Jan-1959 | M10: Feb-1992 | N10: Jan-1954
A11: .TN | C11: Jul-2014 | D11: Jul-2014 | E11: Jul-2014 | F11: Jul-2014 | G11: Jul-2014 | H11: Jul-2014 | I11: Jun-2014 | J11: Jun-2014 | K11: Jun-2014 | L11: Jun-2014 | M11: Jun-2014 | N11: Jun-2014
A12: .SOURCE | C12: ISM | D12: ISM | E12: ISM | F12: ISM | G12: BLS | H12: BLS | I12: CENSUS | J12: BEA | K12: FRB | L12: CENSUS | M12: CENSUS | N12: TREAS/H
A13: .LSOURCE | C13: Institute for Supply Management | D13: Institute for Supply Management | E13: Institute for Supply Management | F13: Institute for Supply Management | G13: Bureau of Labor Statistics | H13: Bureau of Labor Statistics | I13: Bureau of the Census | J13: Bureau of Economic Analysis | K13: Federal Reserve Board | L13: Census Bureau | M13: Bureau of the Census | N13: U.S. Treasury/Haver Analytics
A14: .AGG | C14: Average | D14: Average | E14: Average | F14: Average | G14: Average | H14: Average | I14: Sum | J14: Sum | K14: Average | L14: Sum | M14: Sum | N14: Sum
A15: .DTLM | C15: Aug-01-2014 10:04 | D15: Aug-01-2014 10:04 | E15: Aug-01-2014 10:04 | F15: Aug-05-2014 10:02 | G15: Aug-01-2014 08:31 | H15: Aug-01-2014 08:31 | I15: Aug-06-2014 08:39 | J15: Aug-04-2014 14:36 | K15: Jul-16-2014 09:19 | L15: Jul-17-2014 08:32 | M15: Aug-05-2014 10:02 | N15: Jul-11-2014 16:23
A16: .FRQ | C16: Monthly | D16: Monthly | E16: Monthly | F16: Monthly | G16: Monthly | H16: Monthly | I16: Monthly | J16: Monthly | K16: Monthly | L16: Monthly | M16: Monthly | N16: Monthly
A17: .DATA_TYPE | C17: INDEX | D17: INDEX | E17: INDEX | F17: INDEX | G17: Units | H17: US$ | I17: US$ | J17: US$ | K17: INDEX | L17: Units | M17: US$ | N17: US$ | T17: OECD LEI | U17: Composite Indicator
A18: 198001 | B18: 29251
A19: 198002 | B19: 29280
A20: 198003 | B20: 29311
A21: 198004 | B21: 29341
A22: 198005 | B22: 29372
A23: 198006 | B23: 29402
A24: 198007 | B24: 29433
A25: 198008 | B25: 29464
A26: 198009 | B26: 29494
A27: 198010 | B27: 29525
A28: 198011 | B28: 29555
A29: 198012 | B29: 29586
... A148: 199011 | B148: 33207
A149: 199012 | B149: 33238 | C149: =(usd_T!C149-AVERAGE(usd_T!C30:C149))/STDEV(usd_T!C30:C149) -> -0.21021769 | D149: =(usd_T!D149-AVERAGE(usd_T!D30:D149))/STDEV(usd_T!D30:D149) -> -0.5538871 | E149: =(usd_T!E149-AVERAGE(usd_T!E30:E149))/STDEV(usd_T!E30:E149) -> 0.14748006 | G149: =(usd_T!G149-AVERAGE(usd_T!G30:G149))/STDEV(usd_T!G30:G149) -> -1.0213181 | H149: =(usd_T!H149-AVERAGE(usd_T!H30:H149))/STDEV(usd_T!H30:H149) -> 1.5412724 | I149: =(usd_T!I149-AVERAGE(usd_T!I30:I149))/STDEV(usd_T!I30:I149) -> -0.24466094 | K149: =(usd_T!K149-AVERAGE(usd_T!K30:K149))/STDEV(usd_T!K30:K149) -> -0.66068238 | L149: =(usd_T!L149-AVERAGE(usd_T!L30:L149))/STDEV(usd_T!L30:L149) -> -0.13781059 | N149: =(usd_T!N149-AVERAGE(usd_T!N30:N149))/STDEV(usd_T!N30:N149) -> -0.71746958 | T149: =usd!T149-100 -> 0.242 | U149: =AVERAGE(C149:N149) -> -0.20636599 | V149: =usd_T!O149 -> -1
A150: 199101 | B150: 33269 | C150: =(usd_T!C150-AVERAGE(usd_T!C31:C150))/STDEV(usd_T!C31:C150) -> -0.64460418 | D150: =(usd_T!D150-AVERAGE(usd_T!D31:D150))/STDEV(usd_T!D31:D150) -> -0.8032501 | E150: =(usd_T!E150-AVERAGE(usd_T!E31:E150))/STDEV(usd_T!E31:E150) -> -0.60091911 | G150: =(usd_T!G150-AVERAGE(usd_T!G31:G150))/STDEV(usd_T!G31:G150) -> -1.045692 | H150: =(usd_T!H150-AVERAGE(usd_T!H31:H150))/STDEV(usd_T!H31:H150) -> 2.5479976 | I150: =(usd_T!I150-AVERAGE(usd_T!I31:I150))/STDEV(usd_T!I31:I150) -> -0.63107547 | K150: =(usd_T!K150-AVERAGE(usd_T!K31:K150))/STDEV(usd_T!K31:K150) -> -0.82065538 | L150: =(usd_T!L150-AVERAGE(usd_T!L31:L150))/STDEV(usd_T!L31:L150) -> 0.44409159 | N150: =(usd_T!N150-AVERAGE(usd_T!N31:N150))/STDEV(usd_T!N31:N150) -> 1.7982324 | T150: =usd!T150-100 -> 0.1431 | U150: =AVERAGE(C150:N150) -> 0.027125044 | V150: =usd_T!O150 -> -1
A151: 199102 | B151: 33297 | C151: =(usd_T!C151-AVERAGE(usd_T!C32:C151))/STDEV(usd_T!C32:C151) -> -0.68312786 | D151: =(usd_T!D151-AVERAGE(usd_T!D32:D151))/STDEV(usd_T!D32:D151) -> -0.54719948 | E151: =(usd_T!E151-AVERAGE(usd_T!E32:E151))/STDEV(usd_T!E32:E151) -> -0.86891612 | G151: =(usd_T!G151-AVERAGE(usd_T!G32:G151))/STDEV(usd_T!G32:G151) -> -1.0607334 | H151: =(usd_T!H151-AVERAGE(usd_T!H32:H151))/STDEV(usd_T!H32:H151) -> 2.0408162 | I151: =(usd_T!I151-AVERAGE(usd_T!I32:I151))/STDEV(usd_T!I32:I151) -> -0.15669438 | K151: =(usd_T!K151-AVERAGE(usd_T!K32:K151))/STDEV(usd_T!K32:K151) -> -0.90769256 | L151: =(usd_T!L151-AVERAGE(usd_T!L32:L151))/STDEV(usd_T!L32:L151) -> -0.3695132 | N151: =(usd_T!N151-AVERAGE(usd_T!N32:N151))/STDEV(usd_T!N32:N151) -> 1.0441288 | T151: =usd!T151-100 -> -0.0005 | U151: =AVERAGE(C151:N151) -> -0.16765911 | V151: =usd_T!O151 -> -1
A152: 199103 | B152: 33328 | C152: =(usd_T!C152-AVERAGE(usd_T!C33:C152))/STDEV(usd_T!C33:C152) -> -0.59019031 | D152: =(usd_T!D152-AVERAGE(usd_T!D33:D152))/STDEV(usd_T!D33:D152) -> -0.63339963 | E152: =(usd_T!E152-AVERAGE(usd_T!E33:E152))/STDEV(usd_T!E33:E152) -> -0.57597124 | G152: =(usd_T!G152-AVERAGE(usd_T!G33:G152))/STDEV(usd_T!G33:G152) -> -1.0747057 | H152: =(usd_T!H152-AVERAGE(usd_T!H33:H152))/STDEV(usd_T!H33:H152) -> 1.7218835 | I152: =(usd_T!I152-AVERAGE(usd_T!I33:I152))/STDEV(usd_T!I33:I152) -> -0.15974324 | K152: =(usd_T!K152-AVERAGE(usd_T!K33:K152))/STDEV(usd_T!K33:K152) -> -0.76820764 | L152: =(usd_T!L152-AVERAGE(usd_T!L33:L152))/STDEV(usd_T!L33:L152) -> 0.83120251 | N152: =(usd_T!N152-AVERAGE(usd_T!N33:N152))/STDEV(usd_T!N33:N152) -> -0.043531508 | T152: =usd!T152-100 -> -0.1504 | U152: =AVERAGE(C152:N152) -> -0.14362925 | V152: =usd_T!O152 -> -1
A153: 199104 | B153: 33358 | C153: =(usd_T!C153-AVERAGE(usd_T!C34:C153))/STDEV(usd_T!C34:C153) -> -0.35999702 | D153: =(usd_T!D153-AVERAGE(usd_T!D34:D153))/STDEV(usd_T!D34:D153) -> -0.3305804 | E153: =(usd_T!E153-AVERAGE(usd_T!E34:E153))/STDEV(usd_T!E34:E153) -> -0.59882142 | G153: =(usd_T!G153-AVERAGE(usd_T!G34:G153))/STDEV(usd_T!G34:G153) -> -0.96903482 | H153: =(usd_T!H153-AVERAGE(usd_T!H34:H153))/STDEV(usd_T!H34:H153) -> 1.9861909 | I153: =(usd_T!I153-AVERAGE(usd_T!I34:I153))/STDEV(usd_T!I34:I153) -> -0.75945066 | K153: =(usd_T!K153-AVERAGE(usd_T!K34:K153))/STDEV(usd_T!K34:K153) -> -0.50485877 | L153: =(usd_T!L153-AVERAGE(usd_T!L34:L153))/STDEV(usd_T!L34:L153) -> 0.96547613 | N153: =(usd_T!N153-AVERAGE(usd_T!N34:N153))/STDEV(usd_T!N34:N153) -> -0.148168 | T153: =usd!T153-100 -> -0.3377 | U153: =AVERAGE(C153:N153) -> -0.079916003 | V153: =usd_T!O153 -> -1
A154: 199105 | B154: 33389 | C154: =(usd_T!C154-AVERAGE(usd_T!C35:C154))/STDEV(usd_T!C35:C154) -> -0.14355349 | D154: =(usd_T!D154-AVERAGE(usd_T!D35:D154))/STDEV(usd_T!D35:D154) -> -0.062955711 | E154: =(usd_T!E154-AVERAGE(usd_T!E35:E154))/STDEV(usd_T!E35:E154) -> -0.12036692 | G154: =(usd_T!G154-AVERAGE(usd_T!G35:G154))/STDEV(usd_T!G35:G154) -> -0.74100068 | H154: =(usd_T!H154-AVERAGE(usd_T!H35:H154))/STDEV(usd_T!H35:H154) -> 1.8794829 | I154: =(usd_T!I154-AVERAGE(usd_T!I35:I154))/STDEV(usd_T!I35:I154) -> -0.73135088 | K154: =(usd_T!K154-AVERAGE(usd_T!K35:K154))/STDEV(usd_T!K35:K154) -> 0.012654357 | L154: =(usd_T!L154-AVERAGE(usd_T!L35:L154))/STDEV(usd_T!L35:L154) -> 0.8048116 | N154: =(usd_T!N154-AVERAGE(usd_T!N35:N154))/STDEV(usd_T!N35:N154) -> 0.50608692 | T154: =usd!T154-100 -> -0.5945 | U154: =AVERAGE(C154:N154) -> 0.15597868 | V154: =usd_T!O154 -> -1
A155: 199106 | B155: 33419 | C155: =(usd_T!C155-AVERAGE(usd_T!C36:C155))/STDEV(usd_T!C36:C155) -> -0.45819147 | D155: =(usd_T!D155-AVERAGE(usd_T!D36:D155))/STDEV(usd_T!D36:D155) -> -0.53823784 | E155: =(usd_T!E155-AVERAGE(usd_T!E36:E155))/STDEV(usd_T!E36:E155) -> -0.034646362 | G155: =(usd_T!G155-AVERAGE(usd_T!G36:G155))/STDEV(usd_T!G36:G155) -> -0.47194814 | H155: =(usd_T!H155-AVERAGE(usd_T!H36:H155))/STDEV(usd_T!H36:H155) -> 1.5913572 | I155: =(usd_T!I155-AVERAGE(usd_T!I36:I155))/STDEV(usd_T!I36:I155) -> -0.7385453 | K155: =(usd_T!K155-AVERAGE(usd_T!K36:K155))/STDEV(usd_T!K36:K155) -> 0.30241821 | L155: =(usd_T!L155-AVERAGE(usd_T!L36:L155))/STDEV(usd_T!L36:L155) -> -0.53097118 | N155: =(usd_T!N155-AVERAGE(usd_T!N36:N155))/STDEV(usd_T!N36:N155) -> -0.17449147 | T155: =usd!T155-100 -> -0.9 | U155: =AVERAGE(C155:N155) -> -0.11702848 | V155: =usd_T!O155 -> -1
A156: 199107 | B156: 33450 | C156: =(usd_T!C156-AVERAGE(usd_T!C37:C156))/STDEV(usd_T!C37:C156) -> -0.90163709 | D156: =(usd_T!D156-AVERAGE(usd_T!D37:D156))/STDEV(usd_T!D37:D156) -> -0.87490703 | E156: =(usd_T!E156-AVERAGE(usd_T!E37:E156))/STDEV(usd_T!E37:E156) -> -0.57586877 | G156: =(usd_T!G156-AVERAGE(usd_T!G37:G156))/STDEV(usd_T!G37:G156) -> -0.27774239 | H156: =(usd_T!H156-AVERAGE(usd_T!H37:H156))/STDEV(usd_T!H37:H156) -> 1.5048922 | I156: =(usd_T!I156-AVERAGE(usd_T!I37:I156))/STDEV(usd_T!I37:I156) -> -0.83885891 | K156: =(usd_T!K156-AVERAGE(usd_T!K37:K156))/STDEV(usd_T!K37:K156) -> 0.52236258 | L156: =(usd_T!L156-AVERAGE(usd_T!L37:L156))/STDEV(usd_T!L37:L156) -> -0.70229924 | N156: =(usd_T!N156-AVERAGE(usd_T!N37:N156))/STDEV(usd_T!N37:N156) -> -0.5944325 | T156: =usd!T156-100 -> -1.2156 | U156: =AVERAGE(C156:N156) -> -0.3042768 | V156: =usd_T!O156 -> 1
A157: 199108 | B157: 33481 | C157: =(usd_T!C157-AVERAGE(usd_T!C38:C157))/STDEV(usd_T!C38:C157) -> -0.71422757 | D157: =(usd_T!D157-AVERAGE(usd_T!D38:D157))/STDEV(usd_T!D38:D157) -> -0.90326826 | E157: =(usd_T!E157-AVERAGE(usd_T!E38:E157))/STDEV(usd_T!E38:E157) -> -0.25087562 | G157: =(usd_T!G157-AVERAGE(usd_T!G38:G157))/STDEV(usd_T!G38:G157) -> -0.44397482 | H157: =(usd_T!H157-AVERAGE(usd_T!H38:H157))/STDEV(usd_T!H38:H157) -> 1.7175461 | I157: =(usd_T!I157-AVERAGE(usd_T!I38:I157))/STDEV(usd_T!I38:I157) -> -1.1959296 | K157: =(usd_T!K157-AVERAGE(usd_T!K38:K157))/STDEV(usd_T!K38:K157) -> 0.46353788 | L157: =(usd_T!L157-AVERAGE(usd_T!L38:L157))/STDEV(usd_T!L38:L157) -> -1.3311548 | N157: =(usd_T!N157-AVERAGE(usd_T!N38:N157))/STDEV(usd_T!N38:N157) -> -0.58777157 | T157: =usd!T157-100 -> -1.5363 | U157: =AVERAGE(C157:N157) -> -0.36067981 | V157: =usd_T!O157 -> 1
A158: 199109 | B158: 33511 | C158: =(usd_T!C158-AVERAGE(usd_T!C39:C158))/STDEV(usd_T!C39:C158) -> -1.3463617 | D158: =(usd_T!D158-AVERAGE(usd_T!D39:D158))/STDEV(usd_T!D39:D158) -> -1.3860844 | E158: =(usd_T!E158-AVERAGE(usd_T!E39:E158))/STDEV(usd_T!E39:E158) -> -0.85249812 | G158: =(usd_T!G158-AVERAGE(usd_T!G39:G158))/STDEV(usd_T!G39:G158) -> -0.55456904 | H158: =(usd_T!H158-AVERAGE(usd_T!H39:H158))/STDEV(usd_T!H39:H158) -> 1.6278949 | I158: =(usd_T!I158-AVERAGE(usd_T!I39:I158))/STDEV(usd_T!I39:I158) -> -0.92991352 | K158: =(usd_T!K158-AVERAGE(usd_T!K39:K158))/STDEV(usd_T!K39:K158) -> 0.068324054 | L158: =(usd_T!L158-AVERAGE(usd_T!L39:L158))/STDEV(usd_T!L39:L158) -> -1.4279781 | N158: =(usd_T!N158-AVERAGE(usd_T!N39:N158))/STDEV(usd_T!N39:N158) -> 0.23357105 | T158: =usd!T158-100 -> -1.8788 | U158: =AVERAGE(C158:N158) -> -0.50751276 | V158: =usd_T!O158 -> 1
A159: 199110 | B159: 33542 | C159: =(usd_T!C159-AVERAGE(usd_T!C40:C159))/STDEV(usd_T!C40:C159) -> -1.5948247 | D159: =(usd_T!D159-AVERAGE(usd_T!D40:D159))/STDEV(usd_T!D40:D159) -> -1.5560937 | E159: =(usd_T!E159-AVERAGE(usd_T!E40:E159))/STDEV(usd_T!E40:E159) -> -0.085728157 | G159: =(usd_T!G159-AVERAGE(usd_T!G40:G159))/STDEV(usd_T!G40:G159) -> -0.75609226 | H159: =(usd_T!H159-AVERAGE(usd_T!H40:H159))/STDEV(usd_T!H40:H159) -> 0.73855915 | I159: =(usd_T!I159-AVERAGE(usd_T!I40:I159))/STDEV(usd_T!I40:I159) -> -1.2295775 | K159: =(usd_T!K159-AVERAGE(usd_T!K40:K159))/STDEV(usd_T!K40:K159) -> -0.25654004 | L159: =(usd_T!L159-AVERAGE(usd_T!L40:L159))/STDEV(usd_T!L40:L159) -> -1.5626945 | N159: =(usd_T!N159-AVERAGE(usd_T!N40:N159))/STDEV(usd_T!N40:N159) -> 0.56687297 | T159: =usd!T159-100 -> -2.226 | U159: =AVERAGE(C159:N159) -> -0.63734652 | V159: =usd_T!O159 -> 1
A160: 199111 | B160: 33572 | C160: =(usd_T!C160-AVERAGE(usd_T!C41:C160))/STDEV(usd_T!C41:C160) -> -1.9786065 | D160: =(usd_T!D160-AVERAGE(usd_T!D41:D160))/STDEV(usd_T!D41:D160) -> -2.2295179 | E160: =(usd_T!E160-AVERAGE(usd_T!E41:E160))/STDEV(usd_T!E41:E160) -> -0.82485652 | G160: =(usd_T!G160-AVERAGE(usd_T!G41:G160))/STDEV(usd_T!G41:G160) -> -0.99503248 | H160: =(usd_T!H160-AVERAGE(usd_T!H41:H160))/STDEV(usd_T!H41:H160) -> 0.33007735 | I160: =(usd_T!I160-AVERAGE(usd_T!I41:I160))/STDEV(usd_T!I41:I160) -> -1.0800264 | K160: =(usd_T!K160-AVERAGE(usd_T!K41:K160))/STDEV(usd_T!K41:K160) -> -0.72175293 | L160: =(usd_T!L160-AVERAGE(usd_T!L41:L160))/STDEV(usd_T!L41:L160) -> -1.6049296 | N160: =(usd_T!N160-AVERAGE(usd_T!N41:N160))/STDEV(usd_T!N41:N160) -> -0.26241585 | T160: =usd!T160-100 -> -2.5543 | U160: =AVERAGE(C160:N160) -> -1.0407845 | V160: =usd_T!O160 -> 1
... A293: 200212 | B293: 37621 | C293: =(usd_T!C293-AVERAGE(usd_T!C174:C293))/STDEV(usd_T!C174:C293) -> 0.31807038 | D293: =(usd_T!D293-AVERAGE(usd_T!D174:D293))/STDEV(usd_T!D174:D293) -> 0.77965751 | E293: =(usd_T!E293-AVERAGE(usd_T!E174:E293))/STDEV(usd_T!E174:E293) -> -0.14475274 | G293: =(usd_T!G293-AVERAGE(usd_T!G174:G293))/STDEV(usd_T!G174:G293) -> -0.50918772 | H293: =(usd_T!H293-AVERAGE(usd_T!H174:H293))/STDEV(usd_T!H174:H293) -> -1.1352461 | I293: =(usd_T!I293-AVERAGE(usd_T!I174:I293))/STDEV(usd_T!I174:I293) -> 0.084917252 | K293: =(usd_T!K293-AVERAGE(usd_T!K174:K293))/STDEV(usd_T!K174:K293) -> 0.33421594 | L293: =(usd_T!L293-AVERAGE(usd_T!L174:L293))/STDEV(usd_T!L174:L293) -> 0.35628826 | N293: =(usd_T!N293-AVERAGE(usd_T!N174:N293))/STDEV(usd_T!N174:N293) -> 2.8212316 | T293: =usd!T293-100 -> 0.0164 | U293: =AVERAGE(C293:N293) -> 0.32279937 | V293: =usd_T!O293 -> -1
A294: 200301 | B294: 37652 | C294: =(usd_T!C294-AVERAGE(usd_T!C175:C294))/STDEV(usd_T!C175:C294) -> 0.58999356 | D294: =(usd_T!D294-AVERAGE(usd_T!D175:D294))/STDEV(usd_T!D175:D294) -> 1.0547237 | E294: =(usd_T!E294-AVERAGE(usd_T!E175:E294))/STDEV(usd_T!E175:E294) -> -0.53894336 | G294: =(usd_T!G294-AVERAGE(usd_T!G175:G294))/STDEV(usd_T!G175:G294) -> -0.39520349 | H294: =(usd_T!H294-AVERAGE(usd_T!H175:H294))/STDEV(usd_T!H175:H294) -> -0.74865762 | I294: =(usd_T!I294-AVERAGE(usd_T!I175:I294))/STDEV(usd_T!I175:I294) -> -0.21439145 | J294: =(usd_T!J294-AVERAGE(usd_T!J175:J294))/STDEV(usd_T!J175:J294) -> #N/A | K294: =(usd_T!K294-AVERAGE(usd_T!K175:K294))/STDEV(usd_T!K175:K294) -> 0.64135428 | L294: =(usd_T!L294-AVERAGE(usd_T!L175:L294))/STDEV(usd_T!L175:L294) -> -0.013286418 | M294: =(usd_T!M294-AVERAGE(usd_T!M175:M294))/STDEV(usd_T!M175:M294) -> #N/A | N294: =(usd_T!N294-AVERAGE(usd_T!N175:N294))/STDEV(usd_T!N175:N294) -> -3.165378 | T294: =usd!T294-100 -> 0.0621 | U294: =AVERAGE(C294:N294) -> #N/A | V294: =usd_T!O294 -> -1
A295: 200302 | B295: 37680 | C295: =(usd_T!C295-AVERAGE(usd_T!C176:C295))/STDEV(usd_T!C176:C295) -> 0.48162055 | D295: =(usd_T!D295-AVERAGE(usd_T!D176:D295))/STDEV(usd_T!D176:D295) -> 0.57414884 | E295: =(usd_T!E295-AVERAGE(usd_T!E176:E295))/STDEV(usd_T!E176:E295) -> -0.70274746 | G295: =(usd_T!G295-AVERAGE(usd_T!G176:G295))/STDEV(usd_T!G176:G295) -> -0.2506187 | H295: =(usd_T!H295-AVERAGE(usd_T!H176:H295))/STDEV(usd_T!H176:H295) -> -0.87085555 | I295: =(usd_T!I295-AVERAGE(usd_T!I176:I295))/STDEV(usd_T!I176:I295) -> -1.0675124 | J295: =(usd!J295/usd!J283-1)*100 -> 2.6943155 | K295: =(usd_T!K295-AVERAGE(usd_T!K176:K295))/STDEV(usd_T!K176:K295) -> 0.5232898 | L295: =(usd_T!L295-AVERAGE(usd_T!L176:L295))/STDEV(usd_T!L176:L295) -> -0.23486932 | M295: =(usd_T!M295-AVERAGE(usd_T!M176:M295))/STDEV(usd_T!M176:M295) -> #N/A | N295: =(usd_T!N295-AVERAGE(usd_T!N176:N295))/STDEV(usd_T!N176:N295) -> -0.38109292 | T295: =usd!T295-100 -> 0.0304 | U295: =AVERAGE(C295:N295) -> #N/A | V295: =usd_T!O295 -> -1
A296: 200303 | B296: 37711 | C296: =(usd_T!C296-AVERAGE(usd_T!C177:C296))/STDEV(usd_T!C177:C296) -> 0.17936882 | D296: =(usd_T!D296-AVERAGE(usd_T!D177:D296))/STDEV(usd_T!D177:D296) -> 0.3441552 | E296: =(usd_T!E296-AVERAGE(usd_T!E177:E296))/STDEV(usd_T!E177:E296) -> -0.033960678 | G296: =(usd_T!G296-AVERAGE(usd_T!G177:G296))/STDEV(usd_T!G177:G296) -> -0.3294985 | H296: =(usd_T!H296-AVERAGE(usd_T!H177:H296))/STDEV(usd_T!H177:H296) -> -0.61161032 | I296: =(usd_T!I296-AVERAGE(usd_T!I177:I296))/STDEV(usd_T!I177:I296) -> -0.38958229 | J296: =(usd!J296/usd!J284-1)*100 -> 2.3535988 | K296: =(usd_T!K296-AVERAGE(usd_T!K177:K296))/STDEV(usd_T!K177:K296) -> 0.23621531 | L296: =(usd_T!L296-AVERAGE(usd_T!L177:L296))/STDEV(usd_T!L177:L296) -> -0.82771349 | M296: =(usd_T!M296-AVERAGE(usd_T!M177:M296))/STDEV(usd_T!M177:M296) -> #N/A | N296: =(usd_T!N296-AVERAGE(usd_T!N177:N296))/STDEV(usd_T!N177:N296) -> -0.99508091 | T296: =usd!T296-100 -> -0.0654 | U296: =AVERAGE(C296:N296) -> #N/A | V296: =usd_T!O296 -> -1
A297: 200304 | B297: 37741 | C297: =(usd_T!C297-AVERAGE(usd_T!C178:C297))/STDEV(usd_T!C178:C297) -> -0.40257009 | D297: =(usd_T!D297-AVERAGE(usd_T!D178:D297))/STDEV(usd_T!D178:D297) -> -0.39514151 | E297: =(usd_T!E297-AVERAGE(usd_T!E178:E297))/STDEV(usd_T!E178:E297) -> -0.23300925 | G297: =(usd_T!G297-AVERAGE(usd_T!G178:G297))/STDEV(usd_T!G178:G297) -> -0.26336608 | H297: =(usd_T!H297-AVERAGE(usd_T!H178:H297))/STDEV(usd_T!H178:H297) -> -0.86539471 | I297: =(usd_T!I297-AVERAGE(usd_T!I178:I297))/STDEV(usd_T!I178:I297) -> -0.30055749 | J297: =(usd!J297/usd!J285-1)*100 -> 3.3626232 | K297: =(usd_T!K297-AVERAGE(usd_T!K178:K297))/STDEV(usd_T!K178:K297) -> 0.10771491 | L297: =(usd_T!L297-AVERAGE(usd_T!L178:L297))/STDEV(usd_T!L178:L297) -> 0.58652571 | M297: =(usd_T!M297-AVERAGE(usd_T!M178:M297))/STDEV(usd_T!M178:M297) -> #N/A | N297: =(usd_T!N297-AVERAGE(usd_T!N178:N297))/STDEV(usd_T!N178:N297) -> -1.0719223 | T297: =usd!T297-100 -> -0.1887 | U297: =AVERAGE(C297:N297) -> #N/A | V297: =usd_T!O297 -> -1
A298: 200305 | B298: 37772 | C298: =(usd_T!C298-AVERAGE(usd_T!C179:C298))/STDEV(usd_T!C179:C298) -> -0.21751241 | D298: =(usd_T!D298-AVERAGE(usd_T!D179:D298))/STDEV(usd_T!D179:D298) -> -0.064936516 | E298: =(usd_T!E298-AVERAGE(usd_T!E179:E298))/STDEV(usd_T!E179:E298) -> -0.20890488 | G298: =(usd_T!G298-AVERAGE(usd_T!G179:G298))/STDEV(usd_T!G179:G298) -> -0.19880186 | H298: =(usd_T!H298-AVERAGE(usd_T!H179:H298))/STDEV(usd_T!H179:H298) -> -0.72812181 | I298: =(usd_T!I298-AVERAGE(usd_T!I179:I298))/STDEV(usd_T!I179:I298) -> 0.12250972 | J298: =(usd!J298/usd!J286-1)*100 -> 4.221137 | K298: =(usd_T!K298-AVERAGE(usd_T!K179:K298))/STDEV(usd_T!K179:K298) -> -0.11050647 | L298: =(usd_T!L298-AVERAGE(usd_T!L179:L298))/STDEV(usd_T!L179:L298) -> 0.15158005 | M298: =(usd_T!M298-AVERAGE(usd_T!M179:M298))/STDEV(usd_T!M179:M298) -> #N/A | N298: =(usd_T!N298-AVERAGE(usd_T!N179:N298))/STDEV(usd_T!N179:N298) -> -0.43245077 | T298: =usd!T298-100 -> -0.3288 | U298: =AVERAGE(C298:N298) -> #N/A | V298: =usd_T!O298 -> -1
A299: 200306 | B299: 37802 | C299: =(usd_T!C299-AVERAGE(usd_T!C180:C299))/STDEV(usd_T!C180:C299) -> -0.49243666 | D299: =(usd_T!D299-AVERAGE(usd_T!D180:D299))/STDEV(usd_T!D180:D299) -> -0.58265475 | E299: =(usd_T!E299-AVERAGE(usd_T!E180:E299))/STDEV(usd_T!E180:E299) -> 0.17008745 | G299: =(usd_T!G299-AVERAGE(usd_T!G180:G299))/STDEV(usd_T!G180:G299) -> -0.14366722 | H299: =(usd_T!H299-AVERAGE(usd_T!H180:H299))/STDEV(usd_T!H180:H299) -> -0.9878085 | I299: =(usd_T!I299-AVERAGE(usd_T!I180:I299))/STDEV(usd_T!I180:I299) -> -1.1406227 | J299: =(usd!J299/usd!J287-1)*100 -> 4.5960517 | K299: =(usd_T!K299-AVERAGE(usd_T!K180:K299))/STDEV(usd_T!K180:K299) -> -0.054563477 | L299: =(usd_T!L299-AVERAGE(usd_T!L180:L299))/STDEV(usd_T!L180:L299) -> 0.66044047 | M299: =(usd_T!M299-AVERAGE(usd_T!M180:M299))/STDEV(usd_T!M180:M299) -> #N/A | N299: =(usd_T!N299-AVERAGE(usd_T!N180:N299))/STDEV(usd_T!N180:N299) -> -0.41884045 | T299: =usd!T299-100 -> -0.4458 | U299: =AVERAGE(C299:N299) -> #N/A | V299: =usd_T!O299 -> -1
A300: 200307 | B300: 37833 | C300: =(usd_T!C300-AVERAGE(usd_T!C181:C300))/STDEV(usd_T!C181:C300) -> -0.37136268 | D300: =(usd_T!D300-AVERAGE(usd_T!D181:D300))/STDEV(usd_T!D181:D300) -> -0.24292881 | E300: =(usd_T!E300-AVERAGE(usd_T!E181:E300))/STDEV(usd_T!E181:E300) -> -0.044067087 | G300: =(usd_T!G300-AVERAGE(usd_T!G181:G300))/STDEV(usd_T!G181:G300) -> -0.017138964 | H300: =(usd_T!H300-AVERAGE(usd_T!H181:H300))/STDEV(usd_T!H181:H300) -> -0.98003526 | I300: =(usd_T!I300-AVERAGE(usd_T!I181:I300))/STDEV(usd_T!I181:I300) -> -1.06038 | J300: =(usd!J300/usd!J288-1)*100 -> 5.1930983 | K300: =(usd_T!K300-AVERAGE(usd_T!K181:K300))/STDEV(usd_T!K181:K300) -> -0.23391174 | L300: =(usd_T!L300-AVERAGE(usd_T!L181:L300))/STDEV(usd_T!L181:L300) -> 0.58735196 | M300: =(usd_T!M300-AVERAGE(usd_T!M181:M300))/STDEV(usd_T!M181:M300) -> #N/A | N300: =(usd_T!N300-AVERAGE(usd_T!N181:N300))/STDEV(usd_T!N181:N300) -> -0.51164558 | T300: =usd!T300-100 -> -0.5072 | U300: =AVERAGE(C300:N300) -> #N/A | V300: =usd_T!O300 -> -1
A301: 200308 | B301: 37864 | C301: =(usd_T!C301-AVERAGE(usd_T!C182:C301))/STDEV(usd_T!C182:C301) -> -0.26597568 | D301: =(usd_T!D301-AVERAGE(usd_T!D182:D301))/STDEV(usd_T!D182:D301) -> -0.0012732983 | E301: =(usd_T!E301-AVERAGE(usd_T!E182:E301))/STDEV(usd_T!E182:E301) -> -0.28309856 | G301: =(usd_T!G301-AVERAGE(usd_T!G182:G301))/STDEV(usd_T!G182:G301) -> -0.014360871 | H301: =(usd_T!H301-AVERAGE(usd_T!H182:H301))/STDEV(usd_T!H182:H301) -> -0.97553771 | I301: =(usd_T!I301-AVERAGE(usd_T!I182:I301))/STDEV(usd_T!I182:I301) -> -0.61147241 | J301: =(usd!J301/usd!J289-1)*100 -> 4.0361837 | K301: =(usd_T!K301-AVERAGE(usd_T!K182:K301))/STDEV(usd_T!K182:K301) -> -0.1031049 | L301: =(usd_T!L301-AVERAGE(usd_T!L182:L301))/STDEV(usd_T!L182:L301) -> 0.40475059 | M301: =(usd_T!M301-AVERAGE(usd_T!M182:M301))/STDEV(usd_T!M182:M301) -> #N/A | N301: =(usd_T!N301-AVERAGE(usd_T!N182:N301))/STDEV(usd_T!N182:N301) -> -0.20095161 | T301: =usd!T301-100 -> -0.4874 | U301: =AVERAGE(C301:N301) -> #N/A | V301: =usd_T!O301 -> -1
A302: 200309 | B302: 37894 | C302: =(usd_T!C302-AVERAGE(usd_T!C183:C302))/STDEV(usd_T!C183:C302) -> -0.23305521 | D302: =(usd_T!D302-AVERAGE(usd_T!D183:D302))/STDEV(usd_T!D183:D302) -> -0.40070639 | E302: =(usd_T!E302-AVERAGE(usd_T!E183:E302))/STDEV(usd_T!E183:E302) -> 0.12768091 | G302: =(usd_T!G302-AVERAGE(usd_T!G183:G302))/STDEV(usd_T!G183:G302) -> 0.10296219 | H302: =(usd_T!H302-AVERAGE(usd_T!H183:H302))/STDEV(usd_T!H183:H302) -> -0.69633892 | I302: =(usd_T!I302-AVERAGE(usd_T!I183:I302))/STDEV(usd_T!I183:I302) -> -0.7664129 | J302: =(usd!J302/usd!J290-1)*100 -> 5.1009223 | K302: =(usd_T!K302-AVERAGE(usd_T!K183:K302))/STDEV(usd_T!K183:K302) -> -0.019897755 | L302: =(usd_T!L302-AVERAGE(usd_T!L183:L302))/STDEV(usd_T!L183:L302) -> 0.89524799 | M302: =(usd_T!M302-AVERAGE(usd_T!M183:M302))/STDEV(usd_T!M183:M302) -> #N/A | N302: =(usd_T!N302-AVERAGE(usd_T!N183:N302))/STDEV(usd_T!N183:N302) -> -0.27104809 | T302: =usd!T302-100 -> -0.3834 | U302: =AVERAGE(C302:N302) -> #N/A | V302: =usd_T!O302 -> -1
A303: 200310 | B303: 37925 | C303: =(usd_T!C303-AVERAGE(usd_T!C184:C303))/STDEV(usd_T!C184:C303) -> 0.27884874 | D303: =(usd_T!D303-AVERAGE(usd_T!D184:D303))/STDEV(usd_T!D184:D303) -> 0.59966822 | E303: =(usd_T!E303-AVERAGE(usd_T!E184:E303))/STDEV(usd_T!E184:E303) -> 0.68149211 | G303: =(usd_T!G303-AVERAGE(usd_T!G184:G303))/STDEV(usd_T!G184:G303) -> 0.16560769 | H303: =(usd_T!H303-AVERAGE(usd_T!H184:H303))/STDEV(usd_T!H184:H303) -> -0.69434731 | I303: =(usd_T!I303-AVERAGE(usd_T!I184:I303))/STDEV(usd_T!I184:I303) -> -0.73917274 | J303: =(usd!J303/usd!J291-1)*100 -> 4.0301765 | K303: =(usd_T!K303-AVERAGE(usd_T!K184:K303))/STDEV(usd_T!K184:K303) -> -0.0069930238 | L303: =(usd_T!L303-AVERAGE(usd_T!L184:L303))/STDEV(usd_T!L184:L303) -> 0.8425468 | M303: =(usd_T!M303-AVERAGE(usd_T!M184:M303))/STDEV(usd_T!M184:M303) -> #N/A | N303: =(usd_T!N303-AVERAGE(usd_T!N184:N303))/STDEV(usd_T!N184:N303) -> -0.0095182214 | T303: =usd!T303-100 -> -0.2079 | U303: =AVERAGE(C303:N303) -> #N/A | V303: =usd_T!O303 -> -1
A304: 200311 | B304: 37955 | C304: =(usd_T!C304-AVERAGE(usd_T!C185:C304))/STDEV(usd_T!C185:C304) -> 0.3871851 | D304: =(usd_T!D304-AVERAGE(usd_T!D185:D304))/STDEV(usd_T!D185:D304) -> 0.8636391 | E304: =(usd_T!E304-AVERAGE(usd_T!E185:E304))/STDEV(usd_T!E185:E304) -> -0.0061906089 | G304: =(usd_T!G304-AVERAGE(usd_T!G185:G304))/STDEV(usd_T!G185:G304) -> 0.24074274 | H304: =(usd_T!H304-AVERAGE(usd_T!H185:H304))/STDEV(usd_T!H185:H304) -> -0.68855877 | I304: =(usd_T!I304-AVERAGE(usd_T!I185:I304))/STDEV(usd_T!I185:I304) -> -0.34716405 | J304: =(usd!J304/usd!J292-1)*100 -> 4.1655521 | K304: =(usd_T!K304-AVERAGE(usd_T!K185:K304))/STDEV(usd_T!K185:K304) -> 0.0056599071 | L304: =(usd_T!L304-AVERAGE(usd_T!L185:L304))/STDEV(usd_T!L185:L304) -> 1.0172314 | M304: =(usd_T!M304-AVERAGE(usd_T!M185:M304))/STDEV(usd_T!M185:M304) -> #N/A | N304: =(usd_T!N304-AVERAGE(usd_T!N185:N304))/STDEV(usd_T!N185:N304) -> 0.023354767 | T304: =usd!T304-100 -> 0.0058 | U304: =AVERAGE(C304:N304) -> #N/A | V304: =usd_T!O304 -> -1
A305: 200312 | B305: 37986 | C305: =(usd_T!C305-AVERAGE(usd_T!C186:C305))/STDEV(usd_T!C186:C305) -> 0.8109145 | D305: =(usd_T!D305-AVERAGE(usd_T!D186:D305))/STDEV(usd_T!D186:D305) -> 1.2484255 | E305: =(usd_T!E305-AVERAGE(usd_T!E186:E305))/STDEV(usd_T!E186:E305) -> -0.53244318 | G305: =(usd_T!G305-AVERAGE(usd_T!G186:G305))/STDEV(usd_T!G186:G305) -> 0.30528687 | H305: =(usd_T!H305-AVERAGE(usd_T!H186:H305))/STDEV(usd_T!H186:H305) -> -0.54716832 | I305: =(usd_T!I305-AVERAGE(usd_T!I186:I305))/STDEV(usd_T!I186:I305) -> -0.28259043 | J305: =(usd!J305/usd!J293-1)*100 -> 3.9349017 | K305: =(usd_T!K305-AVERAGE(usd_T!K186:K305))/STDEV(usd_T!K186:K305) -> 0.16960531 | L305: =(usd_T!L305-AVERAGE(usd_T!L186:L305))/STDEV(usd_T!L186:L305) -> 1.793612 | M305: =(usd_T!M305-AVERAGE(usd_T!M186:M305))/STDEV(usd_T!M186:M305) -> #N/A | N305: =(usd_T!N305-AVERAGE(usd_T!N186:N305))/STDEV(usd_T!N186:N305) -> -2.247627 | T305: =usd!T305-100 -> 0.237 | U305: =AVERAGE(C305:N305) -> #N/A | V305: =usd_T!O305 -> -1
A306: 200401 | B306: 38017 | C306: =(usd_T!C306-AVERAGE(usd_T!C187:C306))/STDEV(usd_T!C187:C306) -> 0.91250304 | D306: =(usd_T!D306-AVERAGE(usd_T!D187:D306))/STDEV(usd_T!D187:D306) -> 1.4329809 | E306: =(usd_T!E306-AVERAGE(usd_T!E187:E306))/STDEV(usd_T!E187:E306) -> -0.34895062 | G306: =(usd_T!G306-AVERAGE(usd_T!G187:G306))/STDEV(usd_T!G187:G306) -> 0.28851849 | H306: =(usd_T!H306-AVERAGE(usd_T!H187:H306))/STDEV(usd_T!H187:H306) -> -0.68512856 | I306: =(usd_T!I306-AVERAGE(usd_T!I187:I306))/STDEV(usd_T!I187:I306) -> -0.37205749 | J306: =(usd!J306/usd!J294-1)*100 -> 2.646472 | K306: =(usd_T!K306-AVERAGE(usd_T!K187:K306))/STDEV(usd_T!K187:K306) -> 0.17221656 | L306: =(usd_T!L306-AVERAGE(usd_T!L187:L306))/STDEV(usd_T!L187:L306) -> 0.44502113 | M306: =(usd_T!M306-AVERAGE(usd_T!M187:M306))/STDEV(usd_T!M187:M306) -> #N/A | N306: =(usd_T!N306-AVERAGE(usd_T!N187:N306))/STDEV(usd_T!N187:N306) -> 2.665078 | T306: =usd!T306-100 -> 0.4488 | U306: =AVERAGE(C306:N306) -> #N/A | V306: =usd_T!O306 -> -1
... A346: 200705 | B346: 39233 | C346: =(usd_T!C346-AVERAGE(usd_T!C227:C346))/STDEV(usd_T!C227:C346) -> 0.85814014 | D346: =(usd_T!D346-AVERAGE(usd_T!D227:D346))/STDEV(usd_T!D227:D346) -> 1.1290693 | E346: =(usd_T!E346-AVERAGE(usd_T!E227:E346))/STDEV(usd_T!E227:E346) -> 1.0165231 | G346: =(usd_T!G346-AVERAGE(usd_T!G227:G346))/STDEV(usd_T!G227:G346) -> 0.50202742 | H346: =(usd_T!H346-AVERAGE(usd_T!H227:H346))/STDEV(usd_T!H227:H346) -> 1.2484687 | I346: =(usd_T!I346-AVERAGE(usd_T!I227:I346))/STDEV(usd_T!I227:I346) -> -0.066266749 | J346: =(usd!J346/usd!J334-1)*100 -> 3.1420071 | K346: =(usd_T!K346-AVERAGE(usd_T!K227:K346))/STDEV(usd_T!K227:K346) -> 1.1235654 | L346: =(usd_T!L346-AVERAGE(usd_T!L227:L346))/STDEV(usd_T!L227:L346) -> -0.22488047 | M346: =(usd_T!M346-AVERAGE(usd_T!M227:M346))/STDEV(usd_T!M227:M346) -> #N/A | N346: =(usd_T!N346-AVERAGE(usd_T!N227:N346))/STDEV(usd_T!N227:N346) -> -0.21189253 | T346: =usd!T346-100 -> 0.4686 | U346: =AVERAGE(C346:N346) -> #N/A | V346: =usd_T!O346 -> -1
A347: 200706 | B347: 39263 | C347: =(usd_T!C347-AVERAGE(usd_T!C228:C347))/STDEV(usd_T!C228:C347) -> 0.62355044 | D347: =(usd_T!D347-AVERAGE(usd_T!D228:D347))/STDEV(usd_T!D228:D347) -> 0.69359432 | E347: =(usd_T!E347-AVERAGE(usd_T!E228:E347))/STDEV(usd_T!E228:E347) -> 0.20776388 | F347: =(usd_T!F347-AVERAGE(usd_T!F228:F347))/STDEV(usd_T!F228:F347) -> #N/A | G347: =(usd_T!G347-AVERAGE(usd_T!G228:G347))/STDEV(usd_T!G228:G347) -> 0.48538327 | H347: =(usd_T!H347-AVERAGE(usd_T!H228:H347))/STDEV(usd_T!H228:H347) -> 0.77543004 | I347: =(usd_T!I347-AVERAGE(usd_T!I228:I347))/STDEV(usd_T!I228:I347) -> 0.10356286 | J347: =(usd!J347/usd!J335-1)*100 -> 3.6774939 | K347: =(usd_T!K347-AVERAGE(usd_T!K228:K347))/STDEV(usd_T!K228:K347) -> 0.98415521 | L347: =(usd_T!L347-AVERAGE(usd_T!L228:L347))/STDEV(usd_T!L228:L347) -> 0.19129187 | M347: =(usd_T!M347-AVERAGE(usd_T!M228:M347))/STDEV(usd_T!M228:M347) -> #N/A | N347: =(usd_T!N347-AVERAGE(usd_T!N228:N347))/STDEV(usd_T!N228:N347) -> -0.84797446 | T347: =usd!T347-100 -> 0.5937 | U347: =AVERAGE(C347:N347) -> #N/A | V347: =usd_T!O347 -> -1
A348: 200707 | B348: 39294 | C348: =(usd_T!C348-AVERAGE(usd_T!C229:C348))/STDEV(usd_T!C229:C348) -> 1.1873174 | D348: =(usd_T!D348-AVERAGE(usd_T!D229:D348))/STDEV(usd_T!D229:D348) -> 0.989269 | E348: =(usd_T!E348-AVERAGE(usd_T!E229:E348))/STDEV(usd_T!E229:E348) -> 0.40939079 | F348: =(usd_T!F348-AVERAGE(usd_T!F229:F348))/STDEV(usd_T!F229:F348) -> #N/A | G348: =(usd_T!G348-AVERAGE(usd_T!G229:G348))/STDEV(usd_T!G229:G348) -> 0.51935666 | H348: =(usd_T!H348-AVERAGE(usd_T!H229:H348))/STDEV(usd_T!H229:H348) -> 0.88853559 | I348: =(usd_T!I348-AVERAGE(usd_T!I229:I348))/STDEV(usd_T!I229:I348) -> 0.67547295 | J348: =(usd!J348/usd!J336-1)*100 -> 4.6620024 | K348: =(usd_T!K348-AVERAGE(usd_T!K229:K348))/STDEV(usd_T!K229:K348) -> 1.391826 | L348: =(usd_T!L348-AVERAGE(usd_T!L229:L348))/STDEV(usd_T!L229:L348) -> -0.13714037 | M348: =(usd_T!M348-AVERAGE(usd_T!M229:M348))/STDEV(usd_T!M229:M348) -> #N/A | N348: =(usd_T!N348-AVERAGE(usd_T!N229:N348))/STDEV(usd_T!N229:N348) -> -0.17831577 | T348: =usd!T348-100 -> 0.7036 | U348: =AVERAGE(C348:N348) -> #N/A | V348: =usd_T!O348 -> -1
A349: 200708 | B349: 39325 | C349: =(usd_T!C349-AVERAGE(usd_T!C230:C349))/STDEV(usd_T!C230:C349) -> 0.91582956 | D349: =(usd_T!D349-AVERAGE(usd_T!D230:D349))/STDEV(usd_T!D230:D349) -> 0.84265052 | E349: =(usd_T!E349-AVERAGE(usd_T!E230:E349))/STDEV(usd_T!E230:E349) -> -0.4265299 | F349: =(usd_T!F349-AVERAGE(usd_T!F230:F349))/STDEV(usd_T!F230:F349) -> #N/A | G349: =(usd_T!G349-AVERAGE(usd_T!G230:G349))/STDEV(usd_T!G230:G349) -> 0.38710344 | H349: =(usd_T!H349-AVERAGE(usd_T!H230:H349))/STDEV(usd_T!H230:H349) -> 1.4193489 | I349: =(usd_T!I349-AVERAGE(usd_T!I230:I349))/STDEV(usd_T!I230:I349) -> -0.020205972 | J349: =(usd!J349/usd!J337-1)*100 -> 4.29029 | K349: =(usd_T!K349-AVERAGE(usd_T!K230:K349))/STDEV(usd_T!K230:K349) -> 1.5247421 | L349: =(usd_T!L349-AVERAGE(usd_T!L230:L349))/STDEV(usd_T!L230:L349) -> -0.68787341 | M349: =(usd_T!M349-AVERAGE(usd_T!M230:M349))/STDEV(usd_T!M230:M349) -> #N/A | N349: =(usd_T!N349-AVERAGE(usd_T!N230:N349))/STDEV(usd_T!N230:N349) -> 0.12509957 | T349: =usd!T349-100 -> 0.786 | U349: =AVERAGE(C349:N349) -> #N/A | V349: =usd_T!O349 -> -1
A350: 200709 | B350: 39355 | C350: =(usd_T!C350-AVERAGE(usd_T!C231:C350))/STDEV(usd_T!C231:C350) -> 0.44429858 | D350: =(usd_T!D350-AVERAGE(usd_T!D231:D350))/STDEV(usd_T!D231:D350) -> 0.10304051 | E350: =(usd_T!E350-AVERAGE(usd_T!E231:E350))/STDEV(usd_T!E231:E350) -> 0.82049639 | F350: =(usd_T!F350-AVERAGE(usd_T!F231:F350))/STDEV(usd_T!F231:F350) -> #N/A | G350: =(usd_T!G350-AVERAGE(usd_T!G231:G350))/STDEV(usd_T!G231:G350) -> 0.56406484 | H350: =(usd_T!H350-AVERAGE(usd_T!H231:H350))/STDEV(usd_T!H231:H350) -> 1.0891588 | I350: =(usd_T!I350-AVERAGE(usd_T!I231:I350))/STDEV(usd_T!I231:I350) -> 0.15353821 | J350: =(usd!J350/usd!J338-1)*100 -> 4.499592 | K350: =(usd_T!K350-AVERAGE(usd_T!K231:K350))/STDEV(usd_T!K231:K350) -> 1.6114306 | L350: =(usd_T!L350-AVERAGE(usd_T!L231:L350))/STDEV(usd_T!L231:L350) -> 0.3431999 | M350: =(usd_T!M350-AVERAGE(usd_T!M231:M350))/STDEV(usd_T!M231:M350) -> #N/A | N350: =(usd_T!N350-AVERAGE(usd_T!N231:N350))/STDEV(usd_T!N231:N350) -> -1.0600336 | T350: =usd!T350-100 -> 0.846 | U350: =AVERAGE(C350:N350) -> #N/A | V350: =usd_T!O350 -> -1
A351: 200710 | B351: 39386 | C351: =(usd_T!C351-AVERAGE(usd_T!C232:C351))/STDEV(usd_T!C232:C351) -> 0.97447161 | D351: =(usd_T!D351-AVERAGE(usd_T!D232:D351))/STDEV(usd_T!D232:D351) -> 0.96053208 | E351: =(usd_T!E351-AVERAGE(usd_T!E232:E351))/STDEV(usd_T!E232:E351) -> 0.18542087 | F351: =(usd_T!F351-AVERAGE(usd_T!F232:F351))/STDEV(usd_T!F232:F351) -> #N/A | G351: =(usd_T!G351-AVERAGE(usd_T!G232:G351))/STDEV(usd_T!G232:G351) -> 0.61963113 | H351: =(usd_T!H351-AVERAGE(usd_T!H232:H351))/STDEV(usd_T!H232:H351) -> 1.7446039 | I351: =(usd_T!I351-AVERAGE(usd_T!I232:I351))/STDEV(usd_T!I232:I351) -> -0.14882972 | J351: =(usd!J351/usd!J339-1)*100 -> 3.9595116 | K351: =(usd_T!K351-AVERAGE(usd_T!K232:K351))/STDEV(usd_T!K232:K351) -> 1.9851831 | L351: =(usd_T!L351-AVERAGE(usd_T!L232:L351))/STDEV(usd_T!L232:L351) -> 0.6366025 | M351: =(usd_T!M351-AVERAGE(usd_T!M232:M351))/STDEV(usd_T!M232:M351) -> #N/A | N351: =(usd_T!N351-AVERAGE(usd_T!N232:N351))/STDEV(usd_T!N232:N351) -> -0.19268666 | T351: =usd!T351-100 -> 0.8787 | U351: =AVERAGE(C351:N351) -> #N/A | V351: =usd_T!O351 -> -1
A352: 200711 | B352: 39416 | C352: =(usd_T!C352-AVERAGE(usd_T!C233:C352))/STDEV(usd_T!C233:C352) -> 0.84001411 | D352: =(usd_T!D352-AVERAGE(usd_T!D233:D352))/STDEV(usd_T!D233:D352) -> 0.42199311 | E352: =(usd_T!E352-AVERAGE(usd_T!E233:E352))/STDEV(usd_T!E233:E352) -> -0.15970762 | F352: =(usd_T!F352-AVERAGE(usd_T!F233:F352))/STDEV(usd_T!F233:F352) -> #N/A | G352: =(usd_T!G352-AVERAGE(usd_T!G233:G352))/STDEV(usd_T!G233:G352) -> 0.62216551 | H352: =(usd_T!H352-AVERAGE(usd_T!H233:H352))/STDEV(usd_T!H233:H352) -> 1.6789781 | I352: =(usd_T!I352-AVERAGE(usd_T!I233:I352))/STDEV(usd_T!I233:I352) -> -0.59461223 | J352: =(usd!J352/usd!J340-1)*100 -> 4.0950073 | K352: =(usd_T!K352-AVERAGE(usd_T!K233:K352))/STDEV(usd_T!K233:K352) -> 1.9803364 | L352: =(usd_T!L352-AVERAGE(usd_T!L233:L352))/STDEV(usd_T!L233:L352) -> 0.11717492 | M352: =(usd_T!M352-AVERAGE(usd_T!M233:M352))/STDEV(usd_T!M233:M352) -> #N/A | N352: =(usd_T!N352-AVERAGE(usd_T!N233:N352))/STDEV(usd_T!N233:N352) -> -0.59537376 | T352: =usd!T352-100 -> 0.8769 | U352: =AVERAGE(C352:N352) -> #N/A | V352: =usd_T!O352 -> -1
A353: 200712 | B353: 39447 | C353: =(usd_T!C353-AVERAGE(usd_T!C234:C353))/STDEV(usd_T!C234:C353) -> 0.60998818 | D353: =(usd_T!D353-AVERAGE(usd_T!D234:D353))/STDEV(usd_T!D234:D353) -> 0.39817872 | E353: =(usd_T!E353-AVERAGE(usd_T!E234:E353))/STDEV(usd_T!E234:E353) -> 0.59591778 | F353: =(usd_T!F353-AVERAGE(usd_T!F234:F353))/STDEV(usd_T!F234:F353) -> #N/A | G353: =(usd_T!G353-AVERAGE(usd_T!G234:G353))/STDEV(usd_T!G234:G353) -> 0.70560079 | H353: =(usd_T!H353-AVERAGE(usd_T!H234:H353))/STDEV(usd_T!H234:H353) -> 1.4904264 | I353: =(usd_T!I353-AVERAGE(usd_T!I234:I353))/STDEV(usd_T!I234:I353) -> -0.14145151 | J353: =(usd!J353/usd!J341-1)*100 -> 3.9632201 | K353: =(usd_T!K353-AVERAGE(usd_T!K234:K353))/STDEV(usd_T!K234:K353) -> 1.8452226 | L353: =(usd_T!L353-AVERAGE(usd_T!L234:L353))/STDEV(usd_T!L234:L353) -> 0.98039042 | M353: =(usd_T!M353-AVERAGE(usd_T!M234:M353))/STDEV(usd_T!M234:M353) -> #N/A | N353: =(usd_T!N353-AVERAGE(usd_T!N234:N353))/STDEV(usd_T!N234:N353) -> 0.56097822 | T353: =usd!T353-100 -> 0.8398 | U353: =AVERAGE(C353:N353) -> #N/A | V353: =usd_T!O353 -> -1
A354: 200801 | B354: 39478 | C354: =(usd_T!C354-AVERAGE(usd_T!C235:C354))/STDEV(usd_T!C235:C354) -> 0.47104308 | D354: =(usd_T!D354-AVERAGE(usd_T!D235:D354))/STDEV(usd_T!D235:D354) -> 0.38779829 | E354: =(usd_T!E354-AVERAGE(usd_T!E235:E354))/STDEV(usd_T!E235:E354) -> 0.61709172 | F354: =(usd_T!F354-AVERAGE(usd_T!F235:F354))/STDEV(usd_T!F235:F354) -> #N/A | G354: =(usd_T!G354-AVERAGE(usd_T!G235:G354))/STDEV(usd_T!G235:G354) -> 0.72858143 | H354: =(usd_T!H354-AVERAGE(usd_T!H235:H354))/STDEV(usd_T!H235:H354) -> 1.4412394 | I354: =(usd_T!I354-AVERAGE(usd_T!I235:I354))/STDEV(usd_T!I235:I354) -> -0.055536518 | J354: =(usd!J354/usd!J342-1)*100 -> 4.4314543 | K354: =(usd_T!K354-AVERAGE(usd_T!K235:K354))/STDEV(usd_T!K235:K354) -> 1.9698569 | L354: =(usd_T!L354-AVERAGE(usd_T!L235:L354))/STDEV(usd_T!L235:L354) -> 0.80030149 | M354: =(usd_T!M354-AVERAGE(usd_T!M235:M354))/STDEV(usd_T!M235:M354) -> #N/A | N354: =(usd_T!N354-AVERAGE(usd_T!N235:N354))/STDEV(usd_T!N235:N354) -> -0.18947214 | T354: =usd!T354-100 -> 0.7876 | U354: =AVERAGE(C354:N354) -> #N/A | V354: =usd_T!O354 -> -1
A355: 200802 | B355: 39507 | C355: =(usd_T!C355-AVERAGE(usd_T!C236:C355))/STDEV(usd_T!C236:C355) -> 0.28643009 | D355: =(usd_T!D355-AVERAGE(usd_T!D236:D355))/STDEV(usd_T!D236:D355) -> 0.00091055407 | E355: =(usd_T!E355-AVERAGE(usd_T!E236:E355))/STDEV(usd_T!E236:E355) -> 0.62499613 | F355: =(usd_T!F355-AVERAGE(usd_T!F236:F355))/STDEV(usd_T!F236:F355) -> #N/A | G355: =(usd_T!G355-AVERAGE(usd_T!G236:G355))/STDEV(usd_T!G236:G355) -> 0.662303 | H355: =(usd_T!H355-AVERAGE(usd_T!H236:H355))/STDEV(usd_T!H236:H355) -> 1.6568721 | I355: =(usd_T!I355-AVERAGE(usd_T!I236:I355))/STDEV(usd_T!I236:I355) -> -0.88876794 | J355: =(usd!J355/usd!J343-1)*100 -> 4.6855503 | K355: =(usd_T!K355-AVERAGE(usd_T!K236:K355))/STDEV(usd_T!K236:K355) -> 1.5223805 | L355: =(usd_T!L355-AVERAGE(usd_T!L236:L355))/STDEV(usd_T!L236:L355) -> 0.38941403 | M355: =(usd_T!M355-AVERAGE(usd_T!M236:M355))/STDEV(usd_T!M236:M355) -> #N/A | N355: =(usd_T!N355-AVERAGE(usd_T!N236:N355))/STDEV(usd_T!N236:N355) -> -0.22868646 | T355: =usd!T355-100 -> 0.7197 | U355: =AVERAGE(C355:N355) -> #N/A | V355: =usd_T!O355 -> -1
A356: 200803 | B356: 39538 | C356: =(usd_T!C356-AVERAGE(usd_T!C237:C356))/STDEV(usd_T!C237:C356) -> 0.28987203 | D356: =(usd_T!D356-AVERAGE(usd_T!D237:D356))/STDEV(usd_T!D237:D356) -> 0.0516992 | E356: =(usd_T!E356-AVERAGE(usd_T!E237:E356))/STDEV(usd_T!E237:E356) -> 0.55127337 | F356: =(usd_T!F356-AVERAGE(usd_T!F237:F356))/STDEV(usd_T!F237:F356) -> #N/A | G356: =(usd_T!G356-AVERAGE(usd_T!G237:G356))/STDEV(usd_T!G237:G356) -> 0.5602863 | H356: =(usd_T!H356-AVERAGE(usd_T!H237:H356))/STDEV(usd_T!H237:H356) -> 1.4684971 | I356: =(usd_T!I356-AVERAGE(usd_T!I237:I356))/STDEV(usd_T!I237:I356) -> -1.3304389 | J356: =(usd!J356/usd!J344-1)*100 -> 4.442559 | K356: =(usd_T!K356-AVERAGE(usd_T!K237:K356))/STDEV(usd_T!K237:K356) -> 1.2817574 | L356: =(usd_T!L356-AVERAGE(usd_T!L237:L356))/STDEV(usd_T!L237:L356) -> 0.50200954 | M356: =(usd_T!M356-AVERAGE(usd_T!M237:M356))/STDEV(usd_T!M237:M356) -> #N/A | N356: =(usd_T!N356-AVERAGE(usd_T!N237:N356))/STDEV(usd_T!N237:N356) -> -1.0098167 | T356: =usd!T356-100 -> 0.6196 | U356: =AVERAGE(C356:N356) -> #N/A | V356: =usd_T!O356 -> -1
A357: 200804 | B357: 39568 | C357: =(usd_T!C357-AVERAGE(usd_T!C238:C357))/STDEV(usd_T!C238:C357) -> 0.14704418 | D357: =(usd_T!D357-AVERAGE(usd_T!D238:D357))/STDEV(usd_T!D238:D357) -> 0.11730693 | E357: =(usd_T!E357-AVERAGE(usd_T!E238:E357))/STDEV(usd_T!E238:E357) -> 0.60695346 | F357: =(usd_T!F357-AVERAGE(usd_T!F238:F357))/STDEV(usd_T!F238:F357) -> #N/A | G357: =(usd_T!G357-AVERAGE(usd_T!G238:G357))/STDEV(usd_T!G238:G357) -> 0.5522124 | H357: =(usd_T!H357-AVERAGE(usd_T!H238:H357))/STDEV(usd_T!H238:H357) -> 1.6835071 | I357: =(usd_T!I357-AVERAGE(usd_T!I238:I357))/STDEV(usd_T!I238:I357) -> -1.9452331 | J357: =(usd!J357/usd!J345-1)*100 -> 6.1492646 | K357: =(usd_T!K357-AVERAGE(usd_T!K238:K357))/STDEV(usd_T!K238:K357) -> 1.3845206 | L357: =(usd_T!L357-AVERAGE(usd_T!L238:L357))/STDEV(usd_T!L238:L357) -> 0.15695022 | M357: =(usd_T!M357-AVERAGE(usd_T!M238:M357))/STDEV(usd_T!M238:M357) -> #N/A | N357: =(usd_T!N357-AVERAGE(usd_T!N238:N357))/STDEV(usd_T!N238:N357) -> -0.25924962 | T357: =usd!T357-100 -> 0.4865 | U357: =AVERAGE(C357:N357) -> #N/A | V357: =usd_T!O357 -> -1
A358: 200805 | B358: 39599 | C358: =(usd_T!C358-AVERAGE(usd_T!C239:C358))/STDEV(usd_T!C239:C358) -> -0.12416651 | D358: =(usd_T!D358-AVERAGE(usd_T!D239:D358))/STDEV(usd_T!D239:D358) -> -0.46901238 | E358: =(usd_T!E358-AVERAGE(usd_T!E239:E358))/STDEV(usd_T!E239:E358) -> 0.60082923 | F358: =(usd_T!F358-AVERAGE(usd_T!F239:F358))/STDEV(usd_T!F239:F358) -> #N/A | G358: =(usd_T!G358-AVERAGE(usd_T!G239:G358))/STDEV(usd_T!G239:G358) -> 0.64521102 | H358: =(usd_T!H358-AVERAGE(usd_T!H239:H358))/STDEV(usd_T!H239:H358) -> 1.7532749 | I358: =(usd_T!I358-AVERAGE(usd_T!I239:I358))/STDEV(usd_T!I239:I358) -> -2.0771901 | J358: =(usd!J358/usd!J346-1)*100 -> 6.0122177 | K358: =(usd_T!K358-AVERAGE(usd_T!K239:K358))/STDEV(usd_T!K239:K358) -> 1.3711479 | L358: =(usd_T!L358-AVERAGE(usd_T!L239:L358))/STDEV(usd_T!L239:L358) -> 0.38026975 | M358: =(usd_T!M358-AVERAGE(usd_T!M239:M358))/STDEV(usd_T!M239:M358) -> #N/A | N358: =(usd_T!N358-AVERAGE(usd_T!N239:N358))/STDEV(usd_T!N239:N358) -> -0.30777482 | T358: =usd!T358-100 -> 0.3233 | U358: =AVERAGE(C358:N358) -> #N/A | V358: =usd_T!O358 -> -1
... A431: 201406 | B431: 41820 | C431: =(usd_T!C431-AVERAGE(usd_T!C312:C431))/STDEV(usd_T!C312:C431) -> 1.8254025 | D431: =(usd_T!D431-AVERAGE(usd_T!D312:D431))/STDEV(usd_T!D312:D431) -> 0.91121568 | E431: =(usd_T!E431-AVERAGE(usd_T!E312:E431))/STDEV(usd_T!E312:E431) -> 2.3998398 | F431: =(usd_T!F431-AVERAGE(usd_T!F312:F431))/STDEV(usd_T!F312:F431) -> #N/A | G431: =(usd_T!G431-AVERAGE(usd_T!G312:G431))/STDEV(usd_T!G312:G431) -> -0.21318002 | H431: =(usd_T!H431-AVERAGE(usd_T!H312:H431))/STDEV(usd_T!H312:H431) -> -1.9884154 | I431: =(usd_T!I431-AVERAGE(usd_T!I312:I431))/STDEV(usd_T!I312:I431) -> 0.52229777 | J431: =(usd!J431/usd!J419-1)*100 -> 2.940495 | K431: =(usd_T!K431-AVERAGE(usd_T!K312:K431))/STDEV(usd_T!K312:K431) -> -0.30939016 | L431: =(usd_T!L431-AVERAGE(usd_T!L312:L431))/STDEV(usd_T!L312:L431) -> -0.75269894 | M431: =(usd_T!M431-AVERAGE(usd_T!M312:M431))/STDEV(usd_T!M312:M431) -> 0.47698112 | N431: =(usd_T!N431-AVERAGE(usd_T!N312:N431))/STDEV(usd_T!N312:N431) -> 0.30735274 | T431: =usd!T431-100 -> 0.8719 | U431: =AVERAGE(C431:N431) -> #N/A | V431: =usd_T!O431 -> -1
A432: 201407 | B432: 41851 | C432: =(usd_T!C432-AVERAGE(usd_T!C313:C432))/STDEV(usd_T!C313:C432) -> 1.6928352 | D432: =(usd_T!D432-AVERAGE(usd_T!D313:D432))/STDEV(usd_T!D313:D432) -> 1.1973242 | E432: =(usd_T!E432-AVERAGE(usd_T!E313:E432))/STDEV(usd_T!E313:E432) -> 2.1710205 | F432: =(usd_T!F432-AVERAGE(usd_T!F313:F432))/STDEV(usd_T!F313:F432) -> #N/A | G432: =(usd_T!G432-AVERAGE(usd_T!G313:G432))/STDEV(usd_T!G313:G432) -> -0.19820764 | H432: =(usd_T!H432-AVERAGE(usd_T!H313:H432))/STDEV(usd_T!H313:H432) -> -2.0589839 | U432: =AVERAGE(C432:N432) -> #N/A | V432: =usd_T!O432 -> -1
